 Dungeon Crawl Stone Soup version 0.30-a0-223-gcb0039aa0c (webtiles) character file.

Game seed: 17505918824126070024

656288 qw the Bringer of Light (level 27, -15/188 HPs)
             Began as a Gargoyle Fighter on Oct 9, 2022.
             Was the Champion of the Shining One.
             Killed from afar by a hellion (25 damage)
             ... with damnation
             ... in Pandemonium.
             The game lasted 00:38:19 (61331 turns).

qw the Bringer of Light (Gargoyle Fighter)         Turns: 61331, Time: 00:38:19

Health: -15/188    AC: 67    Str: 45    XL:     27
Magic:  32/39      EV: 38    Int:  8    God:    the Shining One [******]
Gold:   4379       SH: 35    Dex: 26    Spells: 26/26 levels left

rFire   + . .      SeeInvis .    z - +5 broad axe (holy)
rCold   + . .      Faith    .    N - +10 tower shield of Ignorance {rN+ Int-4}
rNeg    + + +      Spirit   .    i - +10 storm dragon scales of Incorporation {rElec Regen+ rCorr Dex-2}
rPois   inf        Reflect  .    O - +2 helmet of Exclusion {Str+4}
rElec   +          Harm     .    G - +4 dragonskin cloak
rCorr   +          Rampage  .    o - +1 pair of gloves "Cuhat" {Str+3 Dex+4}
Will    +++++                    e - +2 pair of boots of Pyazecod {rElec rF+ Will+}
Stlth   ..........               t - amulet "Oquki" {Acrobat *Corrode rPois rN+ Str+4 Dex+7}
HPRegen 1.31/turn                x - ring "Qeyqauny" {rCorr Str+3 Int+2 Dex+2 Slay+4}
MPRegen 0.26/turn                H - ring "Coilyhel" {Drain rN+ Will++ Dex+2}

@: about to teleport, acrobatic, flying, glowing
A: sickness immunity, AC +20, big wings, negative energy resistance 1,
electricity resistance, torment resistance 1, petrification resistance, agile 1,
cold resistance 1, subdued magic 1
}: 5/15 runes: barnacled, silver, golden, demonic, gossamer
a: Renounce Religion, Divine Shield, Cleansing Flame, Summon Divine Warrior


You were in Pandemonium.
You worshipped the Shining One.
The Shining One was exalted by your worship.
You visited 11 branches of the dungeon, and saw 50 of its levels.
You visited Pandemonium 1 time, and saw 2 of its levels.
You visited the Abyss 3 times.
You also visited: Desolation.

You collected 10971 gold pieces.
You spent 6592 gold pieces at shops.


Innate Abilities, Weirdness & Mutations

You are immune to sickness and miasma.
Your stone body is resilient. (AC +20)
You are immune to poison.
Your large and strong wings let you fly.
You resist negative energy. (rN+)
You are resistant to electric shocks. (rElec)
You are resistant to unholy torment.
You are immune to petrification.
You are agile. (Dex +4, Str/Int -1)
Your flesh is cold resistant. (rC+)
Your spells are a little easier to cast, but a little less powerful.


   Skills:
 - Level 23.0 Fighting
 - Level 18.0 Axes
 - Level 13.0 Throwing
 - Level 21.1 Armour
 - Level 15.0 Dodging
 - Level 21.9 Shields
 + Level 25.3 Invocations


You had 26 spell levels left.
You didn't know any spells.
Your spell library was empty.

Inventory:

Hand Weapons
 s - the +8 broad axe "Wucuocw" {flame, +Blink rElec Will+ Dex+4}
   (You found it on level 4 of the Shoals)

   It burns those it strikes, dealing additional fire damage.
   Big, fiery blades are also staple armaments of hydra-hunters.
   Dex:       It affects your dexterity (+4).
   rElec:     It insulates you from electricity.
   +Blink:    It lets you blink.
   Will:      It increases your willpower.
 z - a +5 broad axe of holy wrath (weapon)
Missiles
 v - 30 javelins
 L - 2 silver javelins (quivered)
Armour
 e - the +2 pair of boots of Pyazecod (worn) {rElec rF+ Will+}
   (Okawaru gifted it to you on level 2 of the Abyss)

   rF:        It protects you from fire.
   rElec:     It insulates you from electricity.
   Will:      It increases your willpower.
 i - the +10 storm dragon scales of Incorporation (worn) {rElec Regen+ rCorr Dex-2}
   (You found it on level 4 of the Shoals)

   Dex:       It affects your dexterity (-2).
   rElec:     It insulates you from electricity.
   Regen:     It increases your rate of health regeneration.
   rCorr:     It protects you from acid and corrosion.
 m - the +11 crystal plate armour of the Turtledove {Harm}
   (You found it on level 3 of the Depths)

   Harm:      It increases damage dealt and taken.
 o - the +1 pair of gloves "Cuhat" (worn) {Str+3 Dex+4}
   (Okawaru gifted it to you on level 2 of the Lair of Beasts)

   Str:       It affects your strength (+3).
   Dex:       It affects your dexterity (+4).
 p - the +2 pair of boots of Okawaru, Loving {Int+2 Slay+2}
   (Okawaru gifted it to you on level 4 of the Spider Nest)

   Int:       It affects your intelligence (+2).
   Slay:      It affects your accuracy & damage with ranged weapons and melee
   (+2).
 u - the +1 pair of boots "Xupuapee" {rC+}
   (You bought it in a shop on level 4 of the Depths)

   rC:        It protects you from cold.
 y - the +1 helmet "Xahiovapt" {rC+}
   (You bought it in a shop on level 2 of the Orcish Mines)

   rC:        It protects you from cold.
 F - +0 gold dragon scales
 G - the +4 dragonskin cloak (worn)
   (You took it off Tiamat on level 4 of the Realm of Zot)

   It grants the wearer a chance to resist fire, cold, poison, electricity,
   acid, and negative energy.
 K - the +2 pair of gloves of Bienyvacw {rF- rN++ Will++ rCorr}
   (You acquired it on level 5 of the Vaults)

   rF:        It makes you vulnerable to fire.
   rN:        It greatly protects you from negative energy.
   rCorr:     It protects you from acid and corrosion.
   Will:      It greatly increases your willpower.
 N - the +10 tower shield of Ignorance (worn) {rN+ Int-4}
   (You found it in the Desolation of Salt)

   Int:       It affects your intelligence (-4).
   rN:        It protects you from negative energy.
 O - the +2 helmet of Exclusion (worn) {Str+4}
   (Okawaru gifted it to you on level 1 of the Realm of Zot)

   Str:       It affects your strength (+4).
Jewellery
 b - an amulet of reflection
 g - the ring of Feigh {Ice Dex+2}
   (You found it in the Desolation of Salt)

   [ring of ice]

   It enhances your ice magic.
   Dex:       It affects your dexterity (+2).
   rF:        It makes you vulnerable to fire.
   rC:        It protects you from cold.
 r - the ring of Elaob {+Blink rElec rC+ Int-5}
   (You found it on level 3 of the Tomb of the Ancients)

   [ring of protection from cold]

   Int:       It affects your intelligence (-5).
   rC:        It protects you from cold.
   rElec:     It insulates you from electricity.
   +Blink:    It lets you blink.
 t - the amulet "Oquki" (around neck) {Acrobat *Corrode rPois rN+ Str+4 Dex+7}
   (You found it in the Desolation of Salt)

   [amulet of the acrobat]

   It increases your evasion while moving and waiting.
   Str:       It affects your strength (+4).
   Dex:       It affects your dexterity (+7).
   rPois:     It protects you from poison.
   rN:        It protects you from negative energy.
   *Corrode:  It may corrode you when you take damage.
 x - the ring "Qeyqauny" (left hand) {rCorr Str+3 Int+2 Dex+2 Slay+4}
   (You took it off a servant of whispers in the Desolation of Salt)

   [ring of slaying]

   Str:       It affects your strength (+3).
   Int:       It affects your intelligence (+2).
   Dex:       It affects your dexterity (+2).
   Slay:      It affects your accuracy & damage with ranged weapons and melee
   (+4).
   rCorr:     It protects you from acid and corrosion.
 B - a ring of resist corrosion
 H - the ring "Coilyhel" (right hand) {Drain rN+ Will++ Dex+2}
   (You found it on level 3 of the Crypt)

   [ring of positive energy]

   Dex:       It affects your dexterity (+2).
   rN:        It protects you from negative energy.
   Drain:     It drains your maximum health when unequipped.
   Will:      It greatly increases your willpower.
 M - a ring of protection from fire
 P - the ring "Cucvay" {rF- rC+++ rN+ Will+}
   (You found it on level 3 of the Crypt)

   [ring of positive energy]

   rF:        It makes you vulnerable to fire.
   rC:        It renders you almost immune to cold.
   rN:        It protects you from negative energy.
   Will:      It increases your willpower.
 Y - a +4 ring of slaying {mikee}
Scrolls
 a - 3 scrolls of brand weapon
 h - 22 scrolls of identify
 w - 18 scrolls of teleportation
 A - 4 scrolls of enchant armour
Potions
 d - 11 potions of might
 f - 6 potions of attraction
 j - 7 potions of cancellation
 k - 25 potions of curing
 l - 5 potions of haste
 q - 11 potions of lignification
 C - 3 potions of magic
 D - 3 potions of resistance
 I - 16 potions of mutation
 J - 12 potions of heal wounds

Dungeon Overview and Level Annotations

Branches:
Dungeon (15/15)            Temple (1/1) D:5            Lair (5/5) D:8
 Shoals (4/4) Lair:2       Spider (4/4) Lair:2        Slime (0/5) Lair:5
    Orc (2/2) D:11            Elf (0/3) Orc:2        Vaults (5/5) D:13
  Crypt (3/3) Vaults:2       Tomb (3/3) Crypt:3      Depths (4/4) D:15
    Zot (4/5) Depths:4    Desolation (visited)

Altars:
Ashenzari
Cheibriados
Dithmenos
Elyvilon
Fedhas
Gozag
Hepliaklqana
Kikubaaqudgha
Makhleb
Nemelex Xobeh
Okawaru
Qazlal
Ru
Sif Muna
Trog
Uskayaw
Vehumet
Wu Jian
Xom
Yredelemnul
Zin
The Shining One
Lugonu

Shops:
D:4 !   D:9 ?   D:10 =   Orc:1 *   Orc:2 *(*=   Shoals:1 *   Shoals:4 ?
Vaults:1 !   Depths:1 *   Depths:2 *([*   Depths:4 (*[

Portals:
Hell: Depths:1 Depths:2 Depths:3 Depths:4
Abyss: Shoals:2 Depths:3
Pandemonium: Orc:2 Depths:1 Depths:2 Depths:4
Ziggurat: Depths:3

Annotations:
D:5 1 runed translucent door, Crazy Yiuf
Lair:5 2 runed translucent doors
Shoals:2 1 runed translucent door
Spider:2 1 runed translucent door, Qyadack's ghost, adept HOFi
Orc:1 2 transporters, sand's ghost, journeyman HOFi
Vaults:4 2 runed translucent doors, Faydane's ghost, veteran HuFi


Message History

A hellion comes into view.
The hellion moves out of view.
The hellion gives a hideous shriek!
You hear a hideous shriek! x2
Something says, "Admit defeat, thou tasty supper!"
You hear a hideous shriek! x4; You hear a bellow!
You hear a hideous shriek!
You hear a bellow!
61329 ||| INVOKING Summon Divine Warrior.
You are momentarily dazzled by a brilliant light.
A smoke demon comes into view.
A hellephant and a hellion come into view.
61330 ||| READING 19 scrolls of teleportation.
As you read the scroll of teleportation, it crumbles to dust.
You feel strangely unstable.
The hellion gives a hideous shriek!
You block the fire bat's attack.
Your daeva calls down the wrath of the Shining One upon the fire bat.
The fire bat is smitten.
The hellion moves out of view.
A Dessaiko and 5 hellions come into view.
Found Great Wizards, Vol.
VII and a warped scimitar.
The hellion gives a hideous shriek! x4
You block the fire bat's attack. The fire bat completely misses you.
A hellion comes into view. x2
The hellion gestures at you.
The sphere of damnation explodes!
The damnation engulfs you!!
The damnation engulfs the fire bat!
The fire bat dies!
The hellion gestures at you.
The sphere of damnation explodes!
The damnation engulfs you! The hellion gestures at you.
The sphere of damnation explodes!
The damnation engulfs you!! The hellion gestures at you.
The sphere of damnation explodes!
The damnation engulfs you!!
A ynoxinul comes into view.
A smoke demon comes into view.
The hellion gestures at you.
The sphere of damnation explodes!
The damnation engulfs you!
Dessaiko gestures.
The hellion gestures at you.
The sphere of damnation explodes!
The damnation engulfs you!! The hellion gestures at you.
The sphere of damnation explodes!
The damnation engulfs you!!
You die...

........3......
3.............~
............~~~
.......31~¤~~¤¤
.......~~~~~2
##.....~~¤~¤22
##.. #.~~~¤~222
#...##.@~¤~~Y22
#.A.¤~¤~~222
#...¤~¤~~¤&2
#....~¤¤¤~~2
......~~¤~~¤X
.........~¤~~~
..............~~
...............~
.............(..


You could see Dessaiko, a hellephant, a Hell Sentinel, a large abomination
(summoned), 2 smoke demons, 13 hellions, a ynoxinul and a friendly daeva
(summoned).

Vanquished Creatures
  Tiamat (Zot:4)
  3 ancient liches (Vaults:5)
  A dread lich (Vaults:4)
  Mara (Shoals:3)
  26 royal mummies
  Boris (twice) (Vaults:5 Crypt:2)
  A Killer Klown (Zot:2)
  Saint Roka (Crypt:2)
  Vv (Crypt:3)
  2 curse toes
  Margery (Vaults:4)
  3 caustic shrikes (Depths:4)
  6 golden dragons
  A pandemonium lord (Pan)
  A golden dragon (shapeshifter) (Depths:3)
  Jory (Vaults:5)
  A profane servitor (Crypt:3)
  An electric golem (Zot:2)
  A bone dragon (Crypt:3)
  Jorgrun (Spider:2)
  11 tentacled monstrosities
  3 liches
  8 quicksilver dragons
  6 deep elf blademasters
  2 deep elf master archers
  An Executioner (Abyss:2)
  An acid blob (shapeshifter) (Depths:3)
  17 titans
  10 sphinxes
  Frances (D:14)
  5 tentacled starspawn (Abyss:2)
  Agnes (Spider:3)
  5 tengu reavers
  3 death cobs
  11 ancient champions
  9 shadow dragons
  9 storm dragons
  A storm dragon (shapeshifter) (Depths:3)
  5 draconian monks
  7 revenants
  16 fire giants
  3 draconian knights
  13 frost giants
  7 draconian scorchers
  4 ghost moths
  A juggernaut zombie (Tomb:3)
  A deep elf sorcerer (Vaults:5)
  13 vault wardens
  Louise (Spider:3)
  2 emperor scorpions
  6 draconian shifters
  8 ghouls
  A caustic shrike zombie (Crypt:2)
  4 broodmothers
  5 draconian stormcallers
  An orc warlord (Vaults:1)
  A curse skull (Crypt:2)
  14 ironbound preservers
  35 stone giants
  5 draconian annihilators
  6 war gargoyles
  4 reapers
  A broodmother (shapeshifter) (Depths:3)
  21 very ugly things
  11 ironbound thunderhulks
  A juggernaut skeleton (Crypt:1)
  10 green draconians
  An eleionoma (shapeshifter) (Depths:3)
  11 black draconians
  10 vampire knights
  2 demonspawn black suns (Pan)
  15 bennus
  14 purple draconians
  6 yellow draconians
  4 deep elf demonologists
  A dire elephant (shapeshifter) (Depths:3)
  Nessos (Lair:4)
  A lorocyproca (Pan)
  2 deep elf annihilators
  12 red draconians
  Azrael (Spider:3)
  3 halazid warlocks (Desolation)
  14 dire elephants
  5 spark wasps
  10 white draconians
  Snorg (D:10)
  4 eidola
  15 mummy priests
  2 deep elf death magi
  4 crystal guardians
  5 merfolk javelineers
  A green death (Depths:1)
  11 ettins
  11 merfolk impalers
  12 blizzard demons
  22 jiangshi
  5 ragged hierophants
  Josephine (D:12)
  7 fire dragons
  6 deep elf high priests
  7 entropy weavers
  9 great orbs of eyes
  5 servants of whispers (Desolation)
  3 ice dragons
  8 peacekeepers
  A hell beast (Depths:1)
  40 vault guards
  A spriggan zombie (Crypt:2)
  2 rakshasas
  20 yaktaur captains
  6 spriggan air magi
  6 hydras
  A radroach (Spider:1)
  2 juggernaut simulacra (Pan)
  3 hydras (shapeshifter) (Depths:3)
  A catoblepas (Lair:4)
  4 alligator snapping turtles
  4 spriggan skeletons
  Erica (Orc:1)
  3 demonspawn (Orc:2)
  9 ironbound frosthearts
  6 centaur warriors
  6 death knights
  A spectral stone giant (Crypt:3)
  A two-headed ogre (Orc:1)
  6 boulder beetles
  3 satyrs
  5 death yaks (Lair:3)
  11 dancing weapons (Depths:3)
  A titan zombie (Tomb:1)
  4 deep troll shamans
  6 orc high priests (Orc:2)
  8 vampire magi
  46 death scarabs
  5 thrashing horrors (Abyss:2)
  2 tengu warriors
  3 deep troll earth magi
  6 soul eaters
  Sonja (Lair:4)
  12 hell knights
  7 spriggan berserkers
  Nergalle (D:11)
  6 deep elf knights
  A sun demon (Abyss:2)
  6 wretched stars (Abyss:2)
  9 iron trolls
  6 sixfirhies
  2 iron trolls (shapeshifter) (Depths:3)
  7 shadow wraiths
  4 pharaoh ants
  2 sun moths
  41 skeletal warriors
  A steelbarb worm (shapeshifter) (Depths:3)
  3 flayed ghosts
  15 sea snakes
  38 deep trolls
  An orb spider (shapeshifter) (Depths:3)
  3 steelbarb worms
  3 glowing orange brains
  A shadow demon (Pan)
  4 orb spiders
  A bog body (Crypt:1)
  A swamp dragon (shapeshifter) (Vaults:4)
  15 phantasmal warriors
  A swamp dragon (Lair:5)
  A glowing orange brain (shapeshifter) (Depths:2)
  18 harpies
  5 obsidian statues
  10 deep elf archers
  12 lindwurms
  14 wizards
  A golden dragon skeleton (Tomb:1)
  8 orc knights
  A shadow dragon zombie (Vaults:4)
  11 ironbound convokers
  Pikel (D:5)
  16 necromancers
  A wolf spider zombie (Crypt:1)
  An oklob plant (D:10)
  9 deep elf pyromancers
  An iron dragon zombie (Vaults:4)
  4 deep elf zephyrmancers
  18 wolf spiders
  2 salamanders (Depths:1)
  6 orc sorcerers
  38 ugly things
  12 slime creatures
  15 manticores
  9 fauns
  A will-o-the-wisp (Abyss:2)
  4 cyclopes
  8 merfolk sirens
  A worldbinder (Abyss:2)
  21 moths of wrath
  4 elephants (Lair:4)
  8 water nymphs
  A centaur zombie (Tomb:1)
  A rust devil (Depths:4)
  2 apocalypse crabs (Shoals:2)
  4 black mambas
  2 guardian serpents (Desolation)
  A shock serpent zombie (Crypt:2)
  4 ice statues (Pan)
  2 molten gargoyles
  A titan simulacrum (Crypt:3)
  A gargoyle (D:11)
  4 orange demons
  18 vault sentinels
  A water nymph (shapeshifter) (Vaults:3)
  9 torpor snails
  4 smoke demons
  A centaur skeleton (Crypt:2)
  12 cane toads
  A hellion (Depths:4)
  14 komodo dragons
  A catoblepas zombie (Crypt:2)
  37 yaktaurs
  2 unseen horrors
  3 efreet
  2 kobold demonologists
  10 freezing wraiths
  2 ice devils
  3 demonic crawlers
  An anaconda simulacrum (Crypt:1)
  5 rime drakes
  A sea snake zombie (Crypt:2)
  43 guardian mummies
  6 harpy zombies
  2 ancient zymes (Abyss:2)
  2 death drake zombies
  2 hellwings
  3 polar bears
  30 merfolk
  3 meliai (Spider:4)
  9 trolls
  7 wind drakes
  3 blink frogs (Lair:2)
  3 tyrant leeches (Lair:5)
  18 raiju
  9 hornets
  Prince Ribbit (D:7)
  35 saltlings
  19 tarantellas
  A slime creature (shapeshifter) (Depths:3)
  A snapping turtle (shapeshifter) (Depths:3)
  A fire dragon zombie (Crypt:1)
  14 snapping turtles
  92 flying skulls
  8 air elementals (Depths:3)
  An elf simulacrum (Vaults:4)
  26 jumping spiders
  26 culicivoras
  8 ynoxinuls
  An ettin skeleton (Crypt:2)
  5 shadows
  A dire elephant simulacrum (Crypt:3)
  25 starcursed masses (Abyss:2)
  2 spriggans
  A vampire (D:12)
  A spriggan (shapeshifter) (Depths:3)
  A black mamba zombie (Tomb:1)
  7 ushabtiu
  13 water elementals
  A wind drake zombie (Crypt:1)
  6 wyverns
  A tyrant leech zombie (Crypt:1)
  4 basilisks
  60 yaks
  3 fire elementals (Spider:3)
  14 wraiths
  17 humans (D:13)
  5 chaos spawn (Abyss:2)
  4 fire bats
  3 neqoxecs
  16 small abominations
  3 steam dragons
  43 redbacks
  A spatial vortex (Abyss:2)
  10 vampire mosquitoes
  An elf skeleton (Vaults:4)
  A naga zombie (Crypt:1)
  A warg (Crypt:2)
  Edmund (D:5)
  A swamp worm (shapeshifter) (Vaults:4)
  5 acid dragons
  20 water moccasins
  10 large abominations
  11 hell hounds
  A swamp drake (Lair:5)
  A floating eye (shapeshifter) (Vaults:5)
  37 orc warriors
  2 sky beasts (D:6)
  Duvessa (D:4)
  An ice beast (D:6)
  A manticore zombie (Shoals:4)
  A black bear (Lair:4)
  5 ogres
  3 boggarts (Vaults:3)
  21 wolves
  2 torpor snail zombies
  24 centaurs
  8 kobold brigands
  11 bullfrogs
  Blork the orc (D:4)
  11 necrophages
  9 earth elementals (Depths:3)
  A gnoll sergeant (D:11)
  2 human skeletons
  7 scorpions
  A naga simulacrum (Abyss:2)
  9 wights
  A hornet simulacrum (D:15)
  Dowan (D:4)
  A swamp dragon simulacrum (Crypt:2)
  11 killer bees
  4 electric eels
  A vampire bat (D:10)
  2 howler monkeys
  5 crimson imps
  7 hounds
  2 quasits (Abyss:2)
  A gnoll bouda (D:9)
  7 jellies (D:10)
  24 orc priests
  2 iron imps (Abyss:2)
  7 iguanas
  24 orc wizards
  32 mummies
  Robin (D:4)
  9 gnolls (D:9)
  14 adders
  A shadow imp (D:8)
  3 white imps
  2 ufetubi
  A lava snake skeleton (Crypt:2)
  2 worms
  3 dart slugs
  68 orcs
  6 ball pythons
  2 bat skeletons (D:10)
  5 bat zombies
  27 endoplasms
  4 giant cockroaches
  15 goblins
  8 hobgoblins
  3 jackals
  13 kobolds
  2 quokkas (D:1)
  2 bats
  An endoplasm zombie (Crypt:1)
  3 frilled lizards
  9 rats
  2 ball lightnings (Depths:3)
  5 starspawn tentacles (Abyss:2)
2621 creatures vanquished.

Vanquished Creatures (collateral kills)
  6 royal mummies
  2 Brimstone Fiends (Pan)
  A deep elf blademaster (Crypt:3)
  A caustic shrike zombie (Tomb:2)
  2 stone giants (Crypt:3)
  2 bennus (Tomb:1)
  A blizzard demon (Pan)
  5 mummy priests
  A spriggan skeleton (Tomb:3)
  A hell beast (Pan)
  4 death scarabs
  A spriggan simulacrum (Tomb:2)
  A wolf spider zombie (Crypt:2)
  An ice statue (Pan)
  2 freezing wraiths (Crypt:3)
  3 ice devils (Pan)
  2 guardian mummies
  A red devil (Pan)
  A fire dragon zombie (Tomb:1)
  6 flying skulls
  5 ushabtiu (Tomb:1)
  An ogre (Crypt:2)
  15 mummies
  A gnoll zombie (Crypt:2)
  A jackal skeleton (Crypt:2)
67 creatures vanquished.

Vanquished Creatures (others)
  A war gargoyle (Vaults:5)
  A bennu (Tomb:3)
  A red draconian (Zot:4)
  An eidolon (Crypt:2)
  A mummy priest (Tomb:3)
  A ragged hierophant (Desolation)
  A skeletal warrior (Tomb:3)
  2 guardian mummies (Tomb:3)
  A tarantella (Spider:4)
  A basilisk (Lair:5)
  A fire bat (Pan)
  A steam dragon (Lair:5)
  A swamp drake (Lair:5)
  3 mummies (Tomb:3)
  A white imp (Abyss:2)
  A kobold (D:9)
  9 ball lightnings (Depths:3)
  2 foxfires (Abyss:2)
  29 fungi
  2 lurking horrors (Abyss:2)
  77 plants
  7 starspawn tentacles (Abyss:2)
145 creatures vanquished.

Grand Total: 2833 creatures vanquished

Notes
Turn   | Place    | Note
-------+----------+-------------------------------------------
     0 | D:1      | qw the Gargoyle Fighter began the quest for the Orb.
     0 | D:1      | Reached XP level 1. HP: 14/14 MP: 1/1
     0 | D:1      | 0 ||| qw: Version: 0.2-a-17-g06abaee
     0 | D:1      | 0 ||| qw: Game counter: 2261
     0 | D:1      | 0 ||| qw: Always use a shield: true
     0 | D:1      | 0 ||| qw: God list: Okawaru
     0 | D:1      | 0 ||| qw: Allow faded altars: false
     0 | D:1      | 0 ||| qw: Do Orc after D:15 true
     0 | D:1      | 0 ||| qw: Do second Lair branch before Depths: true
     0 | D:1      | 0 ||| qw: Lair rune preference: random
     0 | D:1      | 0 ||| qw: Plans: Normal, Zot:1-4, God:TSO, Crypt, Tomb,
                  | Pan, Slime:5, Hells, Abyss, Orb
     0 | D:1      | 0 ||| PLANNING D:1-11
   254 | D:1      | Reached XP level 2. HP: 19/19 MP: 2/2
   558 | D:1      | 558 ||| Stepping ~*~*~tactically~*~*~ (stealth).
   628 | D:1      | Reached skill level 3 in Axes
   838 | D:1      | Found a faded altar of an unknown god.
   852 | D:1      | Reached XP level 3. HP: 23/23 MP: 3/3
  1006 | D:1      | 1006 ||| READING scroll labelled CESEZO QAOM.
  1007 | D:1      | 1007 ||| READING 2 scrolls labelled VICVAMNINLI.
  1008 | D:1      | 1008 ||| READING scroll labelled ILUUME ESEE.
  1098 | D:2      | 1098 ||| Stepping ~*~*~tactically~*~*~ (stealth).
  1101 | D:2      | 1101 ||| Stepping ~*~*~tactically~*~*~ (stealth).
  1123 | D:2      | 1123 ||| Stepping ~*~*~tactically~*~*~ (stealth).
  1126 | D:2      | 1126 ||| Stepping ~*~*~tactically~*~*~ (stealth).
  1169 | D:2      | 1169 ||| Stepping ~*~*~tactically~*~*~ (stealth).
  1372 | D:2      | Reached XP level 4. HP: 28/28 MP: 4/4
  1377 | D:2      | 1377 ||| DROPPING +0 club.
  1402 | D:2      | 1402 ||| Stepping ~*~*~tactically~*~*~ (stealth).
  1403 | D:2      | 1403 ||| Stepping ~*~*~tactically~*~*~ (stealth).
  1430 | D:2      | 1430 ||| Stepping ~*~*~tactically~*~*~ (stealth).
  1453 | D:2      | 1453 ||| Stepping ~*~*~tactically~*~*~ (stealth).
  1512 | D:2      | 1512 ||| READING scroll labelled WUN LE RIAWIEF.
  1513 | D:2      | 1513 ||| READING scroll labelled LAITSI USUOLO.
  1514 | D:2      | 1514 ||| DROPPING +1 antimagic whip.
  1515 | D:2      | 1515 ||| READING scroll labelled EVEOSS TUHUA.
  1520 | D:2      | 1520 ||| READING 2 scrolls labelled TEOMIGRORE.
  1521 | D:2      | 1521 ||| READING scroll labelled CYDDOQ DEZUTS.
  1522 | D:2      | 1522 ||| READING 2 scrolls of identify.
  1522 | D:2      | 1522 ||| IDENTIFYING black potion
  1523 | D:2      | 1523 ||| DROPPING potion of invisibility.
  1524 | D:2      | 1524 ||| DROPPING scroll of noise.
  1657 | D:3      | Found an iron altar of Okawaru.
  1658 | D:3      | 1658 ||| PLANNING OKAWARU WORSHIP
  1658 | D:3      | 1658 ||| READING 2 scrolls of identify.
  1658 | D:3      | 1658 ||| IDENTIFYING sedimented red potion
  1663 | D:3      | 1663 ||| FLEEEEING.
  1664 | D:3      | 1664 ||| FLEEEEING.
  1666 | D:3      | 1666 ||| FLEEEEING.
  1667 | D:3      | 1667 ||| FLEEEEING.
  1668 | D:3      | 1668 ||| FLEEEEING.
  1669 | D:3      | 1669 ||| FLEEEEING.
  1670 | D:3      | 1670 ||| FLEEEEING.
  1671 | D:3      | 1671 ||| FLEEEEING.
  1672 | D:3      | 1672 ||| FLEEEEING.
  1673 | D:3      | 1673 ||| FLEEEEING.
  1674 | D:3      | 1674 ||| FLEEEEING.
  1675 | D:3      | 1675 ||| FLEEEEING.
  1676 | D:3      | 1676 ||| FLEEEEING.
  1677 | D:3      | 1677 ||| FLEEEEING.
  1682 | D:3      | 1682 ||| FLEEEEING.
  1683 | D:3      | 1683 ||| FLEEEEING.
  1684 | D:3      | 1684 ||| FLEEEEING.
  1685 | D:3      | 1685 ||| FLEEEEING.
  1686 | D:3      | 1686 ||| FLEEEEING.
  1687 | D:3      | 1687 ||| FLEEEEING.
  1688 | D:3      | 1688 ||| FLEEEEING.
  1689 | D:3      | 1689 ||| FLEEEEING.
  1690 | D:3      | 1690 ||| FLEEEEING.
  1691 | D:3      | 1691 ||| FLEEEEING.
  1692 | D:3      | 1692 ||| FLEEEEING.
  1693 | D:3      | 1693 ||| FLEEEEING.
  1694 | D:3      | 1694 ||| FLEEEEING.
  1695 | D:3      | 1695 ||| FLEEEEING.
  1696 | D:3      | 1696 ||| FLEEEEING.
  1697 | D:3      | 1697 ||| FLEEEEING.
  1698 | D:3      | 1698 ||| FLEEEEING.
  1699 | D:3      | 1699 ||| FLEEEEING.
  1704 | D:3      | 1704 ||| FLEEEEING.
  1705 | D:3      | 1705 ||| FLEEEEING.
  1706 | D:3      | 1706 ||| FLEEEEING.
  1707 | D:3      | 1707 ||| FLEEEEING.
  1708 | D:3      | 1708 ||| FLEEEEING.
  1709 | D:3      | 1709 ||| FLEEEEING.
  1710 | D:3      | 1710 ||| FLEEEEING.
  1714 | D:3      | 1714 ||| STAIRDANCE
  1718 | D:3      | 1718 ||| STAIRDANCE
  1723 | D:3      | 1723 ||| STAIRDANCE
  1782 | D:3      | Became a worshipper of Warmaster Okawaru
  1783 | D:3      | 1783 ||| PLANNING D:1-11
  1840 | D:3      | 1840 ||| Stepping ~*~*~tactically~*~*~ (hiding).
  1846 | D:3      | Reached XP level 5. HP: 32/32 MP: 5/5
  2056 | D:3      | 2056 ||| READING scroll of brand weapon.
  2056 | D:3      | 2056 ||| BRANDING +0 war axe of flaming.
  2203 | D:3      | 2203 ||| Stepping ~*~*~tactically~*~*~ (stealth).
  2204 | D:3      | 2204 ||| Stepping ~*~*~tactically~*~*~ (stealth).
  2214 | D:3      | 2214 ||| Stepping ~*~*~tactically~*~*~ (stealth).
  2215 | D:3      | 2215 ||| Stepping ~*~*~tactically~*~*~ (stealth).
  2357 | D:4      | 2357 ||| STAIRDANCE
  2364 | D:3      | 2364 ||| UPGRADING to +0 chain mail.
  2374 | D:3      | 2374 ||| DROPPING +0 scale mail.
  2386 | D:4      | 2386 ||| STAIRDANCE
  2448 | D:4      | Reached XP level 6. HP: 39/39 MP: 6/6
  2478 | D:4      | Noticed Robin
  2485 | D:4      | Killed Robin
  2496 | D:4      | 2496 ||| Stepping ~*~*~tactically~*~*~ (stealth).
  2577 | D:4      | 2577 ||| Stepping ~*~*~tactically~*~*~ (stealth).
  2718 | D:4      | Reached * piety under Okawaru
  2778 | D:4      | 2778 ||| Stepping ~*~*~tactically~*~*~ (stealth).
  3101 | D:4      | Noticed Blork the orc
  3102 | D:4      | 3102 ||| INVOKING Heroism.
  3112 | D:4      | 3112 ||| INVOKING Heroism.
  3122 | D:4      | Killed Blork the orc
  3123 | D:4      | Reached skill level 6 in Axes
  3123 | D:4      | Reached XP level 7. HP: 29/44 MP: 4/7
  3216 | D:4      | Noticed Duvessa
  3217 | D:4      | 3217 ||| INVOKING Heroism.
  3217 | D:4      | Noticed Dowan
  3218 | D:4      | 3218 ||| Stepping ~*~*~tactically~*~*~ (stealth).
  3230 | D:4      | 3230 ||| INVOKING Heroism.
  3232 | D:4      | Killed Duvessa
  3233 | D:4      | Reached skill level 1 in Dodging
  3238 | D:4      | Killed Dowan
  3612 | D:4      | Reached skill level 1 in Invocations
  3648 | D:4      | Found Ypsacog's Distillery.
  3651 | D:4      | 3651 ||| BUYING potion of curing (39 gold).
  3651 | D:4      | Bought a potion of curing for 39 gold pieces
  3651 | D:4      | 3651 ||| BUYING potion of curing (39 gold).
  3651 | D:4      | Bought a potion of curing for 39 gold pieces
  3651 | D:4      | 3651 ||| BUYING potion of haste (130 gold).
  3651 | D:4      | Bought a potion of haste for 130 gold pieces
  3651 | D:4      | 3651 ||| SHOPLISTING potion of heal wounds (65 gold, have
                  | 31).
  3651 | D:4      | 3651 ||| SHOPLISTING potion of magic (104 gold, have 31).
  3651 | D:4      | 3651 ||| UPGRADING to +0 helmet.
  3656 | D:4      | 3656 ||| READING scroll labelled BAERYA NUEDEBOAPT.
  3657 | D:4      | 3657 ||| READING scroll labelled ERGHIO SICK.
  3670 | D:5      | Entered Level 5 of the Dungeon
  3682 | D:5      | 3682 ||| STAIRDANCE
  3824 | D:5      | Reached skill level 2 in Invocations
  3895 | D:5      | Found a staircase to the Ecumenical Temple.
  4001 | D:5      | Reached skill level 3 in Invocations
  4001 | D:5      | Reached XP level 8. HP: 43/48 MP: 10/10
  4213 | D:5      | Noticed Pikel
  4214 | D:5      | 4214 ||| Stepping ~*~*~tactically~*~*~ (stealth).
  4216 | D:5      | 4216 ||| INVOKING Heroism.
  4217 | D:5      | 4217 ||| Stepping ~*~*~tactically~*~*~ (stealth).
  4224 | D:5      | Killed Pikel
  4225 | D:5      | Reached skill level 3 in Throwing
  4225 | D:5      | Reached skill level 4 in Invocations
  4244 | D:5      | 4244 ||| DROPPING +0 whip.
  4301 | D:5      | Noticed Edmund
  4302 | D:5      | 4302 ||| INVOKING Heroism.
  4313 | D:5      | Killed Edmund
  4321 | D:5      | 4321 ||| INVOKING Heroism.
  4741 | D:5      | Found a runed translucent door.
  4742 | D:5      | Noticed Crazy Yiuf
  4818 | D:5      | 4818 ||| UPGRADING to +0 plate armour.
  4828 | D:5      | 4828 ||| DROPPING +0 chain mail.
  4829 | D:5      | 4829 ||| READING 2 scrolls of identify.
  4829 | D:5      | 4829 ||| IDENTIFYING fizzy amethyst potion
  4830 | D:5      | 4830 ||| DROPPING potion of brilliance.
  4900 | D:6      | Reached ** piety under Okawaru
  4919 | D:6      | 4919 ||| DROPPING +1 whip of electrocution.
  4924 | D:6      | 4924 ||| Stepping ~*~*~tactically~*~*~ (hiding).
  4926 | D:6      | 4926 ||| Stepping ~*~*~tactically~*~*~ (hiding).
  4927 | D:6      | 4927 ||| INVOKING Heroism.
  4933 | D:6      | Reached XP level 9. HP: 52/54 MP: 9/12
  4933 | D:6      | 4933 ||| Stepping ~*~*~tactically~*~*~ (cloud).
  5261 | D:6      | 5261 ||| INVOKING Heroism.
  5271 | D:6      | Reached skill level 6 in Fighting
  5327 | D:6      | 5327 ||| READING scroll labelled FENAGE LAUM.
  5328 | D:6      | 5328 ||| READING scroll labelled FICZALAIDEV.
  5329 | D:6      | 5329 ||| READING 3 scrolls of identify.
  5329 | D:6      | 5329 ||| IDENTIFYING silvery potion
  5330 | D:6      | 5330 ||| DROPPING potion of flight.
  5420 | D:7      | 5420 ||| Stepping ~*~*~tactically~*~*~ (hiding).
  5425 | D:7      | 5425 ||| INVOKING Heroism.
  5553 | D:7      | 5553 ||| Stepping ~*~*~tactically~*~*~ (stealth).
  5566 | D:7      | 5566 ||| INVOKING Heroism.
  5604 | D:7      | Noticed Prince Ribbit
  5605 | D:7      | 5605 ||| Stepping ~*~*~tactically~*~*~ (stealth).
  5606 | D:7      | 5606 ||| Stepping ~*~*~tactically~*~*~ (stealth).
  5622 | D:7      | 5622 ||| INVOKING Heroism.
  5649 | D:7      | 5649 ||| INVOKING Heroism.
  5651 | D:7      | Killed Prince Ribbit
  5651 | D:7      | Reached *** piety under Okawaru
  5803 | D:7      | 5803 ||| Stepping ~*~*~tactically~*~*~ (stealth).
  5818 | D:7      | 5818 ||| Stepping ~*~*~tactically~*~*~ (stealth).
  5842 | D:7      | 5842 ||| Stepping ~*~*~tactically~*~*~ (stealth).
  5843 | D:7      | 5843 ||| Stepping ~*~*~tactically~*~*~ (stealth).
  5845 | D:7      | 5845 ||| Stepping ~*~*~tactically~*~*~ (stealth).
  5857 | D:7      | Reached skill level 9 in Axes
  6131 | D:7      | 6131 ||| INVOKING Heroism.
  6707 | D:7      | 6707 ||| READING scroll labelled IRYOCV EZINEGE.
  6708 | D:7      | 6708 ||| READING 2 scrolls of identify.
  6708 | D:7      | 6708 ||| IDENTIFYING viscous silvery potion
  6721 | D:8      | Found a staircase to the Lair.
  6811 | D:8      | 6811 ||| Stepping ~*~*~tactically~*~*~ (stealth).
  6812 | D:8      | 6812 ||| Stepping ~*~*~tactically~*~*~ (stealth).
  6814 | D:8      | 6814 ||| INVOKING Heroism.
  6832 | D:8      | Reached XP level 10. HP: 52/63 MP: 11/13
  6918 | D:8      | 6918 ||| Stepping ~*~*~tactically~*~*~ (hiding).
  6920 | D:8      | 6920 ||| Stepping ~*~*~tactically~*~*~ (hiding).
  6927 | D:8      | Reached skill level 6 in Armour
  6996 | D:8      | 6996 ||| Stepping ~*~*~tactically~*~*~ (hiding).
  7114 | D:8      | 7114 ||| DROPPING +0 flail.
  7260 | D:8      | 7260 ||| PLANNING LAIR
  7260 | D:8      | 7260 ||| DROPPING amulet of magic regeneration.
  7261 | D:8      | 7261 ||| READING 3 scrolls of identify.
  7261 | D:8      | 7261 ||| IDENTIFYING murky white potion
  7262 | D:8      | 7262 ||| DROPPING potion of degeneration.
  7292 | Lair:1   | Entered Level 1 of the Lair of Beasts
  7293 | Lair:1   | 7293 ||| INVOKING Heroism.
  7314 | Lair:1   | Reached **** piety under Okawaru
  7323 | Lair:1   | Reached skill level 5 in Invocations
  7458 | Lair:1   | 7458 ||| INVOKING Heroism.
  7477 | Lair:1   | HP: 10/63 [wolf (6)]
  7478 | Lair:1   | 7478 ||| READING 3 scrolls of teleportation.
  7479 | Lair:1   | 7479 ||| DRINKING 3 potions of heal wounds.
  7480 | Lair:1   | 7480 ||| INVOKING Heroism.
  7484 | Lair:1   | Reached skill level 6 in Invocations
  7578 | Lair:1   | Noticed a cane toad
  7578 | Lair:1   | Noticed a cane toad
  7579 | Lair:1   | 7579 ||| INVOKING Heroism.
  7589 | Lair:1   | Killed a cane toad
  7596 | Lair:1   | Killed a cane toad
  7601 | Lair:1   | Reached skill level 7 in Invocations
  7610 | Lair:1   | 7610 ||| INVOKING Heroism.
  7718 | Lair:1   | Noticed a cane toad
  7719 | Lair:1   | 7719 ||| INVOKING Heroism.
  7725 | Lair:1   | Killed a cane toad
  7726 | Lair:1   | Reached XP level 11. HP: 68/68 MP: 13/16
  7759 | Lair:1   | 7759 ||| INVOKING Heroism.
  7908 | Lair:1   | Reached ***** piety under Okawaru
  7909 | Lair:1   | Reached skill level 8 in Invocations
  7947 | Lair:1   | Received a gift from Okawaru
  8035 | Lair:1   | 8035 ||| Stepping ~*~*~tactically~*~*~ (stealth).
  8065 | Lair:1   | 8065 ||| DROPPING +2 flail of draining.
  8162 | Lair:1   | 8162 ||| Stepping ~*~*~tactically~*~*~ (stealth).
  8197 | Lair:1   | 8197 ||| Stepping ~*~*~tactically~*~*~ (stealth).
  8201 | Lair:1   | 8201 ||| Stepping ~*~*~tactically~*~*~ (stealth).
  8205 | Lair:1   | 8205 ||| INVOKING Heroism.
  8226 | Lair:1   | Received a gift from Okawaru
  8226 | Lair:1   | HP: 8/68 [yak (10)]
  8227 | Lair:1   | 8227 ||| READING 2 scrolls of teleportation.
  8228 | Lair:1   | 8228 ||| DRINKING 2 potions of heal wounds.
  8232 | Lair:1   | HP: 15/68 [cane toad (6)]
  8233 | Lair:1   | 8233 ||| DRINKING potion of heal wounds.
  8252 | Lair:1   | 8252 ||| INVOKING Heroism.
  8465 | Lair:1   | 8465 ||| Stepping ~*~*~tactically~*~*~ (stealth).
  8466 | Lair:1   | 8466 ||| Stepping ~*~*~tactically~*~*~ (stealth).
  8467 | Lair:1   | 8467 ||| Stepping ~*~*~tactically~*~*~ (stealth).
  8470 | Lair:1   | 8470 ||| INVOKING Heroism.
  8480 | Lair:1   | Reached skill level 9 in Invocations
  8733 | Lair:1   | 8733 ||| INVOKING Heroism.
  8748 | Lair:1   | Received a gift from Okawaru
  8950 | Lair:1   | 8950 ||| UPGRADING to +0 pair of gloves.
  8955 | Lair:1   | 8955 ||| DROPPING orb of light.
  8956 | Lair:1   | 8956 ||| UPGRADING to amulet of reflection.
  8961 | Lair:1   | 8961 ||| UPGRADING to +4 ring of evasion.
  8962 | Lair:1   | 8962 ||| DRINKING 2 viscous black potions.
  8973 | Lair:2   | 8973 ||| STAIRDANCE
  8998 | Lair:2   | 8998 ||| STAIRDANCE
  9027 | Lair:2   | 9027 ||| STAIRDANCE
  9067 | Lair:2   | Found a frozen archway.
  9086 | Lair:2   | 9086 ||| INVOKING Heroism.
  9087 | Lair:2   | Identified the +1 pair of gloves "Cuhat" {Str+3 Dex+4}
                  | (Okawaru gifted it to you on level 2 of the Lair of Beasts)
  9087 | Lair:2   | Received a gift from Okawaru
  9176 | Lair:2   | Found a hole to the Spider Nest.
  9212 | Lair:2   | 9212 ||| INVOKING Heroism.
  9221 | Lair:2   | Reached skill level 10 in Invocations
  9306 | Lair:2   | 9306 ||| INVOKING Heroism.
  9312 | Lair:2   | 9312 ||| Stepping ~*~*~tactically~*~*~ (water).
  9320 | Lair:2   | Reached skill level 9 in Fighting
  9498 | Lair:2   | 9498 ||| FLEEEEING.
  9499 | Lair:2   | 9499 ||| FLEEEEING.
  9500 | Lair:2   | 9500 ||| FLEEEEING.
  9501 | Lair:2   | 9501 ||| FLEEEEING.
  9502 | Lair:2   | 9502 ||| FLEEEEING.
  9503 | Lair:2   | 9503 ||| FLEEEEING.
  9504 | Lair:2   | 9504 ||| FLEEEEING.
  9505 | Lair:2   | 9505 ||| FLEEEEING.
  9506 | Lair:2   | 9506 ||| INVOKING Heroism.
  9538 | Lair:2   | 9538 ||| INVOKING Heroism.
  9644 | Lair:2   | Found a snail-covered altar of Cheibriados.
  9694 | Lair:2   | Noticed an eight-headed hydra
  9695 | Lair:2   | 9695 ||| INVOKING Heroism.
  9696 | Lair:2   | 9696 ||| INVOKING Finesse.
  9698 | Lair:2   | 9698 ||| SWAPPING to +0 morningstar.
  9704 | Lair:2   | Killed an eight-headed hydra
  9705 | Lair:2   | Reached XP level 12. HP: 67/76 MP: 12/19
  9705 | Lair:2   | 9705 ||| SWAPPING to +1 war axe of protection.
  9784 | Lair:2   | 9784 ||| Stepping ~*~*~tactically~*~*~ (stealth).
  9947 | Lair:2   | 9947 ||| Stepping ~*~*~tactically~*~*~ (hiding).
  9996 | Lair:2   | Found a staircase to the Shoals.
 10341 | Lair:2   | 10341 ||| UPGRADING to +1 pair of gloves "Cuhat" {Str+3
                  | Dex+4}.
 10351 | Lair:2   | 10351 ||| DROPPING +0 pair of gloves.
 10352 | Lair:2   | 10352 ||| READING 3 scrolls of identify.
 10352 | Lair:2   | 10352 ||| IDENTIFYING lumpy orange potion
 10391 | Lair:3   | 10391 ||| INVOKING Heroism.
 10524 | Lair:3   | Noticed a five-headed hydra
 10525 | Lair:3   | 10525 ||| INVOKING Heroism.
 10527 | Lair:3   | 10527 ||| SWAPPING to +0 morningstar.
 10538 | Lair:3   | Killed a five-headed hydra
 10539 | Lair:3   | Reached skill level 12 in Axes
 10539 | Lair:3   | 10539 ||| SWAPPING to +1 war axe of protection.
 10754 | Lair:3   | 10754 ||| READING scroll of enchant armour.
 10754 | Lair:3   | 10754 ||| ENCHANTING +0 helmet.
 10785 | Lair:3   | 10785 ||| INVOKING Heroism.
 10806 | Lair:3   | Reached skill level 6 in Shields
 10816 | Lair:3   | Found the +2 cloak of the Thief {*Fog Slay-2 SInv Stlth+}
 10929 | Lair:3   | 10929 ||| INVOKING Heroism.
 10982 | Lair:3   | 10982 ||| INVOKING Heroism.
 11003 | Lair:3   | Noticed a death yak
 11003 | Lair:3   | Noticed a death yak
 11003 | Lair:3   | Noticed a death yak
 11003 | Lair:3   | Noticed a death yak
 11003 | Lair:3   | Noticed a death yak
 11004 | Lair:3   | 11004 ||| INVOKING Finesse.
 11013 | Lair:3   | Killed a death yak
 11022 | Lair:3   | Killed a death yak
 11028 | Lair:3   | Killed a death yak
 11029 | Lair:3   | Reached skill level 9 in Armour
 11033 | Lair:3   | Killed a death yak
 11038 | Lair:3   | Killed a death yak
 11038 | Lair:3   | Received a gift from Okawaru
 11171 | Lair:3   | 11171 ||| INVOKING Heroism.
 11454 | Lair:3   | 11454 ||| UPGRADING to +2 cloak of the Thief {*Fog Slay-2
                  | SInv Stlth+}.
 11459 | Lair:3   | 11459 ||| READING scroll labelled DUIFAU QOSK.
 11460 | Lair:3   | 11460 ||| READING scroll labelled BIFULA ARGHI.
 11479 | Lair:4   | Reached XP level 13. HP: 82/82 MP: 20/20
 11507 | Lair:4   | 11507 ||| INVOKING Heroism.
 11511 | Lair:4   | 11511 ||| INVOKING Finesse.
 11513 | Lair:4   | Reached skill level 3 in Dodging
 11518 | Lair:4   | 11518 ||| SWAPPING to +0 morningstar.
 11520 | Lair:4   | 11520 ||| SWAPPING to +1 war axe of protection.
 11583 | Lair:4   | Noticed Nessos
 11584 | Lair:4   | 11584 ||| INVOKING Finesse.
 11595 | Lair:4   | 11595 ||| INVOKING Heroism.
 11603 | Lair:4   | Killed Nessos
 11603 | Lair:4   | Received a gift from Okawaru
 11706 | Lair:4   | Noticed Sonja
 11707 | Lair:4   | 11707 ||| INVOKING Finesse.
 11708 | Lair:4   | 11708 ||| INVOKING Heroism.
 11754 | Lair:4   | Killed Sonja
 11832 | Lair:4   | 11832 ||| Stepping ~*~*~tactically~*~*~ (stealth).
 11834 | Lair:4   | 11834 ||| INVOKING Heroism.
 11852 | Lair:4   | Received a gift from Okawaru
 12083 | Lair:4   | 12083 ||| INVOKING Heroism.
 12160 | Lair:4   | 12160 ||| INVOKING Heroism.
 12175 | Lair:4   | Received a gift from Okawaru
 12205 | Lair:4   | 12205 ||| Stepping ~*~*~tactically~*~*~ (hiding).
 12209 | Lair:4   | 12209 ||| INVOKING Heroism.
 12210 | Lair:4   | 12210 ||| INVOKING Finesse.
 12501 | Lair:4   | 12501 ||| Stepping ~*~*~tactically~*~*~ (stealth).
 12503 | Lair:4   | 12503 ||| Stepping ~*~*~tactically~*~*~ (stealth).
 12519 | Lair:4   | Received a gift from Okawaru
 12706 | Lair:4   | 12706 ||| DROPPING amulet of guardian spirit.
 12744 | Lair:5   | Entered Level 5 of the Lair of Beasts
 12768 | Lair:5   | 12768 ||| INVOKING Heroism.
 12893 | Lair:5   | Found a runed translucent door.
 12895 | Lair:5   | Found a staircase to the Slime Pits.
 12939 | Lair:5   | 12939 ||| FLEEEEING.
 12940 | Lair:5   | 12940 ||| FLEEEEING.
 12941 | Lair:5   | 12941 ||| FLEEEEING.
 12942 | Lair:5   | 12942 ||| FLEEEEING.
 12943 | Lair:5   | 12943 ||| FLEEEEING.
 12944 | Lair:5   | 12944 ||| FLEEEEING.
 12945 | Lair:5   | 12945 ||| FLEEEEING.
 12946 | Lair:5   | 12946 ||| FLEEEEING.
 12947 | Lair:5   | 12947 ||| STAIRDANCE
 13051 | Lair:5   | 13051 ||| STAIRDANCE
 13053 | Lair:4   | 13053 ||| INVOKING Heroism.
 13085 | Lair:5   | 13085 ||| STAIRDANCE
 13113 | Lair:5   | 13113 ||| Stepping ~*~*~tactically~*~*~ (hiding).
 13114 | Lair:5   | 13114 ||| Stepping ~*~*~tactically~*~*~ (hiding).
 13117 | Lair:5   | 13117 ||| Stepping ~*~*~tactically~*~*~ (hiding).
 13117 | Lair:5   | Noticed an ice dragon
 13118 | Lair:5   | 13118 ||| INVOKING Heroism.
 13119 | Lair:5   | 13119 ||| INVOKING Finesse.
 13132 | Lair:5   | HP: 20/82 [ice dragon/blast of cold (35)]
 13133 | Lair:5   | 13133 ||| READING 2 scrolls of teleportation.
 13133 | Lair:5   | HP: 5/82 [ice dragon (8)]
 13134 | Lair:5   | 13134 ||| DRINKING 2 potions of heal wounds.
 13139 | Lair:5   | HP: 20/82 [hornet (11)]
 13140 | Lair:5   | 13140 ||| READING scroll of teleportation.
 13141 | Lair:5   | 13141 ||| DRINKING potion of heal wounds.
 13309 | Lair:5   | 13309 ||| INVOKING Heroism.
 13310 | Lair:5   | 13310 ||| INVOKING Finesse.
 13312 | Lair:5   | 13312 ||| Stepping ~*~*~tactically~*~*~ (cloud).
 13327 | Lair:5   | Killed an ice dragon
 13477 | Lair:5   | 13477 ||| Stepping ~*~*~tactically~*~*~ (stealth).
 13480 | Lair:5   | 13480 ||| READING scroll of brand weapon.
 13480 | Lair:5   | 13480 ||| BRANDING +1 war axe of protection.
 13485 | Lair:5   | 13485 ||| INVOKING Heroism.
 13490 | Lair:5   | 13490 ||| Stepping ~*~*~tactically~*~*~ (hiding).
 13491 | Lair:5   | 13491 ||| Stepping ~*~*~tactically~*~*~ (hiding).
 13546 | Lair:5   | Found a runed translucent door.
 13552 | Lair:5   | Noticed an ice dragon
 13557 | Lair:5   | 13557 ||| INVOKING Heroism.
 13569 | Lair:5   | Received a gift from Okawaru
 13574 | Lair:5   | 13574 ||| INVOKING Heroism.
 13604 | Lair:5   | 13604 ||| INVOKING Heroism.
 13608 | Lair:5   | Received a gift from Okawaru
 13657 | Lair:5   | Gained mutation: Your large and strong wings let you fly.
                  | [Gargoyle growth]
 13657 | Lair:5   | Reached XP level 14. HP: 90/90 MP: 21/21
 13785 | Lair:5   | 13785 ||| Stepping ~*~*~tactically~*~*~ (stealth).
 13786 | Lair:5   | 13786 ||| Stepping ~*~*~tactically~*~*~ (stealth).
 13787 | Lair:5   | 13787 ||| Stepping ~*~*~tactically~*~*~ (stealth).
 13939 | Lair:5   | 13939 ||| Stepping ~*~*~tactically~*~*~ (stealth).
 14011 | Lair:5   | 14011 ||| Stepping ~*~*~tactically~*~*~ (stealth).
 14021 | Lair:5   | 14021 ||| Stepping ~*~*~tactically~*~*~ (cloud).
 14060 | Lair:5   | 14060 ||| Stepping ~*~*~tactically~*~*~ (stealth).
 14062 | Lair:5   | 14062 ||| Stepping ~*~*~tactically~*~*~ (hiding).
 14064 | Lair:5   | 14064 ||| INVOKING Heroism.
 14065 | Lair:5   | 14065 ||| INVOKING Finesse.
 14105 | Lair:5   | 14105 ||| Stepping ~*~*~tactically~*~*~ (stealth).
 14136 | Lair:5   | Reached skill level 15 in Axes
 14229 | Lair:5   | 14229 ||| INVOKING Heroism.
 14230 | Lair:5   | 14230 ||| SWAPPING to +0 morningstar.
 14231 | Lair:5   | 14231 ||| INVOKING Finesse.
 14238 | Lair:5   | 14238 ||| SWAPPING to +1 vampiric war axe.
 14476 | Lair:5   | 14476 ||| PLANNING D:1-11
 14586 | D:9      | 14586 ||| INVOKING Heroism.
 14655 | D:9      | 14655 ||| Stepping ~*~*~tactically~*~*~ (hiding).
 14656 | D:9      | 14656 ||| Stepping ~*~*~tactically~*~*~ (hiding).
 14657 | D:9      | 14657 ||| Stepping ~*~*~tactically~*~*~ (hiding).
 14660 | D:9      | 14660 ||| Stepping ~*~*~tactically~*~*~ (hiding).
 14846 | D:9      | 14846 ||| INVOKING Heroism.
 14851 | D:9      | Received a gift from Okawaru
 14893 | D:9      | 14893 ||| DROPPING +0 broad axe.
 14929 | D:9      | 14929 ||| Stepping ~*~*~tactically~*~*~ (stealth).
 14930 | D:9      | 14930 ||| Stepping ~*~*~tactically~*~*~ (stealth).
 14934 | D:9      | 14934 ||| Stepping ~*~*~tactically~*~*~ (stealth).
 14943 | D:9      | Found Mireav's Magic Scroll Shoppe.
 14953 | D:9      | 14953 ||| BUYING scroll of brand weapon (104 gold).
 14953 | D:9      | Bought a scroll of brand weapon for 104 gold pieces
 14953 | D:9      | 14953 ||| BUYING scroll of enchant armour (82 gold).
 14953 | D:9      | Bought a scroll of enchant armour for 82 gold pieces
 14953 | D:9      | 14953 ||| BUYING scroll of teleportation (33 gold).
 14953 | D:9      | Bought a scroll of teleportation for 33 gold pieces
 14953 | D:9      | 14953 ||| BUYING scroll of teleportation (33 gold).
 14953 | D:9      | Bought a scroll of teleportation for 33 gold pieces
 14953 | D:9      | 14953 ||| READING scroll of enchant armour.
 14953 | D:9      | 14953 ||| ENCHANTING +1 helmet.
 14996 | D:9      | 14996 ||| INVOKING Heroism.
 15040 | D:9      | Found an ornate altar of the Wu Jian Council.
 15043 | D:9      | 15043 ||| Stepping ~*~*~tactically~*~*~ (hiding).
 15184 | D:9      | 15184 ||| INVOKING Heroism.
 15313 | D:9      | 15313 ||| Stepping ~*~*~tactically~*~*~ (stealth).
 15415 | D:9      | 15415 ||| UPGRADING to ring of resist corrosion.
 15428 | D:10     | Entered Level 10 of the Dungeon
 15451 | D:10     | 15451 ||| Stepping ~*~*~tactically~*~*~ (hiding).
 15552 | D:10     | 15552 ||| INVOKING Heroism.
 15553 | D:10     | 15553 ||| INVOKING Finesse.
 15747 | D:10     | 15747 ||| INVOKING Heroism.
 15799 | D:10     | 15799 ||| INVOKING Heroism.
 15843 | D:10     | Found an ancient bone altar of Kikubaaqudgha.
 15931 | D:10     | 15931 ||| READING scroll of enchant weapon.
 15931 | D:10     | 15931 ||| ENCHANTING +1 vampiric war axe.
 15968 | D:10     | Found Apuca's Jewellery Shop.
 15976 | D:10     | 15976 ||| BUYING +6 ring of dexterity (504 gold).
 15976 | D:10     | Bought a +6 ring of dexterity for 504 gold pieces
 15976 | D:10     | 15976 ||| SHOPLISTING amulet "Wegan" {rElec Regen+ Str+4
                  | Stlth+} (772 gold, have 413).
 15976 | D:10     | 15976 ||| SHOPLISTING ring "Extachok" {rElec Str+6 Slay+2}
                  | (817 gold, have 413).
 15976 | D:10     | 15976 ||| BUYING ring of fire (350 gold).
 15976 | D:10     | Bought a ring of fire for 350 gold pieces
 16099 | D:10     | 16099 ||| INVOKING Heroism.
 16129 | D:10     | Noticed Snorg
 16130 | D:10     | 16130 ||| INVOKING Heroism.
 16131 | D:10     | 16131 ||| INVOKING Finesse.
 16150 | D:10     | Killed Snorg
 16191 | D:10     | Identified the +0 ring mail "Tupt" {Str+3}
 16330 | D:10     | 16330 ||| UPGRADING to +6 ring of dexterity.
 16337 | D:11     | 16337 ||| INVOKING Heroism.
 16338 | D:11     | 16338 ||| INVOKING Finesse.
 16388 | D:11     | Reached skill level 12 in Fighting
 16523 | D:11     | 16523 ||| Stepping ~*~*~tactically~*~*~ (hiding).
 16524 | D:11     | 16524 ||| Stepping ~*~*~tactically~*~*~ (hiding).
 16525 | D:11     | 16525 ||| Stepping ~*~*~tactically~*~*~ (hiding).
 16596 | D:11     | Found a staircase to the Orcish Mines.
 16598 | D:11     | Noticed Nergalle
 16600 | D:11     | 16600 ||| Stepping ~*~*~tactically~*~*~ (hiding).
 16602 | D:11     | 16602 ||| INVOKING Heroism.
 16615 | D:11     | Killed Nergalle
 16680 | D:11     | 16680 ||| INVOKING Heroism.
 16739 | D:11     | 16739 ||| Stepping ~*~*~tactically~*~*~ (hiding).
 16741 | D:11     | 16741 ||| Stepping ~*~*~tactically~*~*~ (hiding).
 16745 | D:11     | 16745 ||| INVOKING Heroism.
 16912 | D:11     | 16912 ||| Stepping ~*~*~tactically~*~*~ (hiding).
 16933 | D:11     | 16933 ||| Stepping ~*~*~tactically~*~*~ (stealth).
 17025 | D:11     | Identified the +5 glaive of the Hills {flame, Stlth+}
                  | (Okawaru gifted it to you on level 11 of the Dungeon)
 17025 | D:11     | Received a gift from Okawaru
 17034 | D:11     | 17034 ||| Stepping ~*~*~tactically~*~*~ (stealth).
 17074 | D:11     | 17074 ||| PLANNING D
 17074 | D:11     | 17074 ||| READING scroll labelled IFFYKEA KALY.
 17298 | D:12     | 17298 ||| INVOKING Heroism.
 17318 | D:12     | 17318 ||| Stepping ~*~*~tactically~*~*~ (stealth).
 17438 | D:12     | 17438 ||| READING scroll of enchant weapon.
 17438 | D:12     | 17438 ||| ENCHANTING +2 vampiric war axe.
 17448 | D:12     | 17448 ||| INVOKING Heroism.
 17824 | D:12     | 17824 ||| Stepping ~*~*~tactically~*~*~ (hiding).
 17832 | D:12     | 17832 ||| Stepping ~*~*~tactically~*~*~ (hiding).
 17972 | D:12     | Noticed Josephine
 17978 | D:12     | 17978 ||| INVOKING Heroism.
 17993 | D:12     | Killed Josephine
 18006 | D:12     | 18006 ||| INVOKING Heroism.
 18175 | D:13     | 18175 ||| INVOKING Heroism.
 18203 | D:13     | Identified the +1 chain mail "Forroun" {Rampage Dex+4
                  | Stlth+}
 18251 | D:13     | 18251 ||| FLEEEEING.
 18256 | D:13     | 18256 ||| FLEEEEING.
 18257 | D:13     | 18257 ||| FLEEEEING.
 18258 | D:13     | 18258 ||| STAIRDANCE
 18338 | D:12     | 18338 ||| DROPPING +1 chain mail "Forroun" {Rampage Dex+4
                  | Stlth+}.
 18339 | D:12     | 18339 ||| READING 12 scrolls of identify.
 18339 | D:12     | 18339 ||| IDENTIFYING yellow potion
 18340 | D:12     | 18340 ||| DROPPING potion of ambrosia.
 18358 | D:13     | Reached XP level 15. HP: 96/96 MP: 22/22
 18413 | D:13     | 18413 ||| Stepping ~*~*~tactically~*~*~ (hiding).
 18414 | D:13     | 18414 ||| Stepping ~*~*~tactically~*~*~ (hiding).
 18418 | D:13     | 18418 ||| INVOKING Heroism.
 18490 | D:13     | 18490 ||| Stepping ~*~*~tactically~*~*~ (hiding).
 18491 | D:13     | 18491 ||| Stepping ~*~*~tactically~*~*~ (hiding).
 18499 | D:13     | 18499 ||| INVOKING Heroism.
 18501 | D:13     | 18501 ||| INVOKING Finesse.
 18510 | D:13     | 18510 ||| SWAPPING to +0 morningstar.
 18522 | D:13     | 18522 ||| SWAPPING to +3 vampiric war axe.
 18825 | D:13     | 18825 ||| INVOKING Heroism.
 18873 | D:13     | 18873 ||| Stepping ~*~*~tactically~*~*~ (hiding).
 18874 | D:13     | 18874 ||| Stepping ~*~*~tactically~*~*~ (hiding).
 18875 | D:13     | 18875 ||| Stepping ~*~*~tactically~*~*~ (hiding).
 18885 | D:13     | Reached skill level 12 in Armour
 18923 | D:13     | 18923 ||| INVOKING Heroism.
 18970 | D:13     | Found a gate to the Vaults.
 18971 | D:13     | 18971 ||| INVOKING Heroism.
 18985 | Abyss:2  | Cast into level 2 of the Abyss (a wizard)
 18997 | Abyss:2  | 18997 ||| Stepping ~*~*~tactically~*~*~ (hiding).
 18999 | Abyss:2  | 18999 ||| INVOKING Heroism.
 19084 | Abyss:2  | Noticed a tentacled starspawn
 19089 | Abyss:2  | 19089 ||| INVOKING Heroism.
 19099 | Abyss:2  | Killed a tentacled starspawn
 19099 | Abyss:2  | Identified the +2 pair of boots of Exclusion {*Corrode rF+
                  | Str+2 Int+6} (Okawaru gifted it to you on level 2 of the
                  | Abyss)
 19099 | Abyss:2  | Received a gift from Okawaru
 19112 | Abyss:2  | 19112 ||| Stepping ~*~*~tactically~*~*~ (stealth).
 19113 | Abyss:2  | 19113 ||| Stepping ~*~*~tactically~*~*~ (stealth).
 19289 | Abyss:2  | 19289 ||| INVOKING Heroism.
 19294 | Abyss:2  | 19294 ||| Stepping ~*~*~tactically~*~*~ (stealth).
 19296 | Abyss:2  | 19296 ||| Stepping ~*~*~tactically~*~*~ (stealth).
 19371 | Abyss:2  | 19371 ||| INVOKING Heroism.
 19383 | Abyss:2  | 19383 ||| Stepping ~*~*~tactically~*~*~ (stealth).
 19387 | Abyss:2  | 19387 ||| Stepping ~*~*~tactically~*~*~ (stealth).
 19388 | Abyss:2  | 19388 ||| Stepping ~*~*~tactically~*~*~ (stealth).
 19389 | Abyss:2  | 19389 ||| Stepping ~*~*~tactically~*~*~ (stealth).
 19430 | Abyss:2  | 19430 ||| Stepping ~*~*~tactically~*~*~ (stealth).
 19431 | Abyss:2  | 19431 ||| Stepping ~*~*~tactically~*~*~ (stealth).
 19434 | Abyss:2  | 19434 ||| Stepping ~*~*~tactically~*~*~ (stealth).
 19450 | Abyss:2  | 19450 ||| Stepping ~*~*~tactically~*~*~ (hiding).
 19453 | Abyss:2  | 19453 ||| Stepping ~*~*~tactically~*~*~ (hiding).
 19456 | Abyss:2  | 19456 ||| INVOKING Heroism.
 19485 | Abyss:2  | 19485 ||| INVOKING Finesse.
 19496 | Abyss:2  | Noticed a dread lich
 19499 | Abyss:2  | HP: 20/98 [smoke demon/divine providence (11)]
 19500 | Abyss:2  | 19500 ||| READING 5 scrolls of teleportation.
 19501 | Abyss:2  | 19501 ||| DRINKING potion of heal wounds.
 19510 | Abyss:2  | HP: 21/98 [starcursed mass/accursed screaming (4)]
 19516 | Abyss:2  | HP: 10/98 [starcursed mass/accursed screaming (8)]
 19523 | Abyss:2  | Reached skill level 6 in Dodging
 19603 | Abyss:2  | 19603 ||| INVOKING Heroism.
 19645 | Abyss:2  | 19645 ||| Stepping ~*~*~tactically~*~*~ (stealth).
 19646 | Abyss:2  | 19646 ||| Stepping ~*~*~tactically~*~*~ (stealth).
 19650 | Abyss:2  | 19650 ||| Stepping ~*~*~tactically~*~*~ (stealth).
 19656 | Abyss:2  | 19656 ||| INVOKING Heroism.
 19702 | D:13     | Escaped the Abyss
 19703 | D:13     | 19703 ||| INVOKING Heroism.
 19726 | D:13     | Reached skill level 6 in Throwing
 19798 | D:13     | 19798 ||| UPGRADING to +0 kite shield.
 19808 | D:13     | 19808 ||| DROPPING +0 buckler.
 19809 | D:13     | 19809 ||| READING 16 scrolls of identify.
 19809 | D:13     | 19809 ||| IDENTIFYING grey potion
 19810 | D:13     | 19810 ||| READING 15 scrolls of identify.
 19810 | D:13     | 19810 ||| IDENTIFYING coppery potion
 19811 | D:13     | 19811 ||| DROPPING potion of berserk rage.
 19854 | D:14     | Noticed Frances
 19855 | D:14     | 19855 ||| Stepping ~*~*~tactically~*~*~ (hiding).
 19858 | D:14     | 19858 ||| INVOKING Heroism.
 19859 | D:14     | 19859 ||| INVOKING Finesse.
 19879 | D:14     | Killed Frances
 19984 | D:14     | 19984 ||| INVOKING Heroism.
 19994 | D:14     | Reached skill level 9 in Shields
 20227 | D:14     | 20227 ||| Stepping ~*~*~tactically~*~*~ (stealth).
 20894 | D:15     | Entered Level 15 of the Dungeon
 20896 | D:15     | 20896 ||| INVOKING Heroism.
 20897 | D:15     | 20897 ||| STAIRDANCE
 20972 | D:15     | 20972 ||| STAIRDANCE
 20987 | D:15     | 20987 ||| STAIRDANCE
 20989 | D:14     | 20989 ||| INVOKING Heroism.
 21005 | D:15     | 21005 ||| STAIRDANCE
 21122 | D:15     | 21122 ||| Stepping ~*~*~tactically~*~*~ (stealth).
 21171 | D:15     | 21171 ||| Stepping ~*~*~tactically~*~*~ (stealth).
 21295 | D:15     | 21295 ||| INVOKING Heroism.
 21306 | D:15     | Reached XP level 16. HP: 104/104 MP: 21/23
 21403 | D:15     | Found a staircase to the Depths.
 21404 | D:15     | 21404 ||| INVOKING Heroism.
 21412 | D:15     | 21412 ||| SWAPPING to +0 morningstar.
 21450 | D:15     | 21450 ||| SWAPPING to +3 vampiric war axe.
 21542 | D:15     | 21542 ||| Stepping ~*~*~tactically~*~*~ (stealth).
 21544 | D:15     | 21544 ||| Stepping ~*~*~tactically~*~*~ (hiding).
 21623 | D:15     | 21623 ||| INVOKING Heroism.
 21634 | D:15     | Reached skill level 12 in Shields
 21905 | D:15     | 21905 ||| PLANNING ORC
 21905 | D:15     | 21905 ||| UPGRADING to +1 pair of boots.
 21910 | D:15     | 21910 ||| DROPPING ring of see invisible.
 21911 | D:15     | 21911 ||| UPGRADING to +4 ring of slaying {mikee}.
 21913 | D:15     | 21913 ||| DROPPING +6 ring of dexterity.
 21998 | Orc:1    | Entered Level 1 of the Orcish Mines
 21999 | Orc:1    | Found a transporter.
 22000 | Orc:1    | 22000 ||| INVOKING Heroism.
 22003 | Orc:1    | Noticed sand's ghost (journeyman HOFi)
 22004 | Orc:1    | Identified the +1 great mace of Hospitality {vorpal, rC+
                  | Int+5}
 22058 | Orc:1    | Found a transporter.
 22081 | Orc:1    | Noticed Erica
 22082 | Orc:1    | 22082 ||| INVOKING Heroism.
 22092 | Orc:1    | Killed Erica
 22132 | Orc:2    | Entered Level 2 of the Orcish Mines
 22133 | Orc:2    | 22133 ||| STAIRDANCE
 22142 | Orc:2    | 22142 ||| STAIRDANCE
 22144 | Orc:1    | 22144 ||| INVOKING Heroism.
 22151 | Orc:2    | 22151 ||| STAIRDANCE
 22169 | Orc:2    | 22169 ||| STAIRDANCE
 22178 | Orc:2    | 22178 ||| STAIRDANCE
 22188 | Orc:2    | 22188 ||| STAIRDANCE
 22205 | Orc:2    | 22205 ||| STAIRDANCE
 22273 | Orc:2    | 22273 ||| STAIRDANCE
 22282 | Orc:2    | 22282 ||| STAIRDANCE
 22287 | Orc:2    | 22287 ||| STAIRDANCE
 22294 | Orc:2    | 22294 ||| STAIRDANCE
 22307 | Orc:2    | 22307 ||| INVOKING Heroism.
 22324 | Orc:2    | 22324 ||| STAIRDANCE
 22330 | Orc:2    | 22330 ||| STAIRDANCE
 22369 | Orc:2    | 22369 ||| Stepping ~*~*~tactically~*~*~ (hiding).
 22372 | Orc:2    | 22372 ||| INVOKING Heroism.
 22415 | Orc:2    | Found a staircase to the Elven Halls.
 22418 | Orc:2    | 22418 ||| Stepping ~*~*~tactically~*~*~ (hiding).
 22419 | Orc:2    | 22419 ||| Stepping ~*~*~tactically~*~*~ (hiding).
 22420 | Orc:2    | 22420 ||| Stepping ~*~*~tactically~*~*~ (hiding).
 22555 | Orc:2    | 22555 ||| INVOKING Heroism.
 22577 | Orc:2    | Found Ocunwes's General Store.
 22577 | Orc:2    | Found Han Wedach's General Store.
 22597 | Orc:2    | 22597 ||| Stepping ~*~*~tactically~*~*~ (hiding).
 22604 | Orc:2    | 22604 ||| Stepping ~*~*~tactically~*~*~ (hiding).
 22615 | Orc:2    | 22615 ||| INVOKING Heroism.
 22636 | Orc:2    | 22636 ||| BUYING +2 pair of boots (247 gold).
 22636 | Orc:2    | Bought a +2 pair of boots for 247 gold pieces
 22638 | Orc:2    | 22638 ||| BUYING +1 helmet "Xahiovapt" {rC+} (352 gold).
 22638 | Orc:2    | Bought the +1 helmet "Xahiovapt" {rC+} for 352 gold pieces
 22670 | Orc:2    | 22670 ||| Stepping ~*~*~tactically~*~*~ (hiding).
 22693 | Orc:2    | 22693 ||| Stepping ~*~*~tactically~*~*~ (hiding).
 22729 | Orc:2    | 22729 ||| Stepping ~*~*~tactically~*~*~ (stealth).
 22731 | Orc:2    | 22731 ||| Stepping ~*~*~tactically~*~*~ (stealth).
 22733 | Orc:2    | 22733 ||| INVOKING Heroism.
 22755 | Orc:2    | 22755 ||| INVOKING Heroism.
 22768 | Orc:2    | Received a gift from Okawaru
 22788 | Orc:2    | 22788 ||| Stepping ~*~*~tactically~*~*~ (stealth).
 22793 | Orc:2    | 22793 ||| Stepping ~*~*~tactically~*~*~ (hiding).
 22802 | Orc:2    | 22802 ||| INVOKING Heroism.
 22820 | Orc:2    | 22820 ||| Stepping ~*~*~tactically~*~*~ (stealth).
 22860 | Orc:2    | 22860 ||| INVOKING Heroism.
 22915 | Orc:2    | Found Tein's Jewellery Boutique.
 22915 | Orc:2    | Found Zalop's Antique Weapon Shop.
 22916 | Orc:2    | 22916 ||| Stepping ~*~*~tactically~*~*~ (hiding).
 22917 | Orc:2    | 22917 ||| INVOKING Heroism.
 22918 | Orc:2    | Found a one-way gate leading to the halls of Pandemonium.
 22926 | Orc:2    | Received a gift from Okawaru
 22933 | Orc:2    | 22933 ||| SHOPLISTING amulet "Selaoledgh" {Spirit *Slow rF-
                  | rN+++ Will+++} (1174 gold, have 229).
 22933 | Orc:2    | 22933 ||| SHOPLISTING ring "Baigg" {rF+ AC+4} (800 gold,
                  | have 229).
 22933 | Orc:2    | 22933 ||| SHOPLISTING ring of ice (400 gold, have 229).
 22933 | Orc:2    | 22933 ||| SHOPLISTING ring of protection from fire (400
                  | gold, have 229).
 22984 | Orc:2    | Found a radiant altar of Vehumet.
 22990 | Orc:2    | 22990 ||| UPGRADING to +2 pair of boots.
 23000 | Orc:2    | 23000 ||| DROPPING +1 pair of boots.
 23001 | Orc:2    | 23001 ||| UPGRADING to +1 helmet "Xahiovapt" {rC+}.
 23020 | Orc:1    | 23020 ||| INVOKING Heroism.
 23150 | Orc:1    | Found Myev's General Store.
 23158 | Orc:1    | 23158 ||| BUYING scroll of teleportation (42 gold).
 23158 | Orc:1    | Bought a scroll of teleportation for 42 gold pieces
 23477 | Orc:2    | 23477 ||| PLANNING SPIDER:1-3
 23624 | Spider:1 | Entered Level 1 of the Spider Nest
 23626 | Spider:1 | 23626 ||| INVOKING Heroism.
 23690 | Spider:1 | 23690 ||| INVOKING Heroism.
 23692 | Spider:1 | 23692 ||| Stepping ~*~*~tactically~*~*~ (stealth).
 23703 | Spider:1 | 23703 ||| INVOKING Finesse.
 23751 | Spider:1 | 23751 ||| INVOKING Heroism.
 23756 | Spider:1 | 23756 ||| Stepping ~*~*~tactically~*~*~ (stealth).
 23779 | Spider:1 | 23779 ||| INVOKING Finesse.
 23934 | Spider:1 | 23934 ||| Stepping ~*~*~tactically~*~*~ (stealth).
 23936 | Spider:1 | 23936 ||| Stepping ~*~*~tactically~*~*~ (stealth).
 23938 | Spider:1 | 23938 ||| INVOKING Heroism.
 23967 | Spider:1 | Identified the +1 ring mail of the Abyss {rC+ rN+ Dex-3
                  | SInv} (Okawaru gifted it to you on level 1 of the Spider
                  | Nest)
 23967 | Spider:1 | Received a gift from Okawaru
 24013 | Spider:1 | 24013 ||| INVOKING Heroism.
 24032 | Spider:1 | 24032 ||| Stepping ~*~*~tactically~*~*~ (stealth).
 24056 | Spider:1 | 24056 ||| READING scroll of enchant weapon.
 24056 | Spider:1 | 24056 ||| ENCHANTING +3 vampiric war axe.
 24093 | Spider:1 | 24093 ||| Stepping ~*~*~tactically~*~*~ (hiding).
 24095 | Spider:1 | 24095 ||| INVOKING Finesse.
 24390 | Spider:1 | 24390 ||| DROPPING +0 pair of boots of flying.
 24410 | Spider:2 | 24410 ||| INVOKING Finesse.
 24411 | Spider:2 | 24411 ||| STAIRDANCE
 24571 | Spider:2 | 24571 ||| Stepping ~*~*~tactically~*~*~ (stealth).
 24585 | Spider:2 | 24585 ||| INVOKING Finesse.
 24589 | Spider:2 | 24589 ||| Stepping ~*~*~tactically~*~*~ (hiding).
 24631 | Spider:2 | 24631 ||| Stepping ~*~*~tactically~*~*~ (stealth).
 24636 | Spider:2 | 24636 ||| INVOKING Heroism.
 24754 | Spider:2 | Found a runed translucent door.
 24756 | Spider:2 | Noticed Qyadack's ghost (adept HOFi)
 24783 | Spider:2 | 24783 ||| Stepping ~*~*~tactically~*~*~ (stealth).
 24784 | Spider:2 | 24784 ||| Stepping ~*~*~tactically~*~*~ (stealth).
 24793 | Spider:2 | Identified the +1 scale mail "Renopuf" {-Tele Contam rPois
                  | rCorr}
 24868 | Spider:2 | 24868 ||| Stepping ~*~*~tactically~*~*~ (stealth).
 24874 | Spider:2 | 24874 ||| Stepping ~*~*~tactically~*~*~ (stealth).
 24896 | Spider:2 | Noticed Jorgrun
 24897 | Spider:2 | 24897 ||| INVOKING Heroism.
 24909 | Spider:2 | Killed Jorgrun
 24910 | Spider:2 | Reached XP level 17. HP: 111/111 MP: 22/24
 25228 | Spider:2 | 25228 ||| DRINKING 2 murky pink potions.
 25228 | Spider:2 | Gained mutation: You are dopey. (Int -2) [potion of
                  | mutation]
 25228 | Spider:2 | Lost mutation: You are dopey. (Int -2) [potion of mutation]
 25228 | Spider:2 | Gained mutation: Your flesh is cold resistant. (rC+)
                  | [potion of mutation]
 25228 | Spider:2 | Gained mutation: You are agile. (Dex +4, Str/Int -1)
                  | [potion of mutation]
 25303 | Spider:3 | 25303 ||| INVOKING Heroism.
 25306 | Spider:3 | Noticed Azrael
 25327 | Spider:3 | Killed Azrael
 25628 | Spider:3 | Noticed Agnes
 25629 | Spider:3 | 25629 ||| INVOKING Heroism.
 25637 | Spider:3 | Killed Agnes
 25671 | Spider:3 | 25671 ||| FLEEEEING.
 25672 | Spider:3 | 25672 ||| FLEEEEING.
 25673 | Spider:3 | 25673 ||| FLEEEEING.
 25674 | Spider:3 | 25674 ||| FLEEEEING.
 25676 | Spider:3 | 25676 ||| FLEEEEING.
 25677 | Spider:3 | 25677 ||| FLEEEEING.
 25678 | Spider:3 | 25678 ||| FLEEEEING.
 25680 | Spider:3 | 25680 ||| FLEEEEING.
 25681 | Spider:3 | 25681 ||| FLEEEEING.
 25682 | Spider:3 | 25682 ||| FLEEEEING.
 25683 | Spider:3 | 25683 ||| FLEEEEING.
 25755 | Spider:3 | 25755 ||| Stepping ~*~*~tactically~*~*~ (stealth).
 25756 | Spider:3 | 25756 ||| Stepping ~*~*~tactically~*~*~ (stealth).
 25758 | Spider:3 | 25758 ||| INVOKING Heroism.
 25835 | Spider:3 | 25835 ||| Stepping ~*~*~tactically~*~*~ (stealth).
 25836 | Spider:3 | 25836 ||| Stepping ~*~*~tactically~*~*~ (stealth).
 25837 | Spider:3 | 25837 ||| Stepping ~*~*~tactically~*~*~ (stealth).
 25890 | Spider:3 | 25890 ||| Stepping ~*~*~tactically~*~*~ (stealth).
 25891 | Spider:3 | 25891 ||| Stepping ~*~*~tactically~*~*~ (stealth).
 25893 | Spider:3 | 25893 ||| Stepping ~*~*~tactically~*~*~ (stealth).
 25924 | Spider:3 | 25924 ||| Stepping ~*~*~tactically~*~*~ (hiding).
 26038 | Spider:3 | 26038 ||| Stepping ~*~*~tactically~*~*~ (stealth).
 26222 | Spider:3 | 26222 ||| Stepping ~*~*~tactically~*~*~ (stealth).
 26265 | Spider:3 | Noticed Louise
 26277 | Spider:3 | 26277 ||| Stepping ~*~*~tactically~*~*~ (hiding).
 26285 | Spider:3 | Killed Louise
 26505 | Spider:3 | 26505 ||| Stepping ~*~*~tactically~*~*~ (stealth).
 26531 | Spider:3 | 26531 ||| PLANNING SHOALS:1-3
 26531 | Spider:3 | 26531 ||| UPGRADING to +0 tower shield.
 26541 | Spider:3 | 26541 ||| DROPPING +0 kite shield.
 26542 | Spider:3 | 26542 ||| READING scroll labelled VOT LOHEG OCYI.
 26716 | Shoals:1 | Entered Level 1 of the Shoals
 26781 | Shoals:1 | 26781 ||| INVOKING Heroism.
 27117 | Shoals:1 | Found Paifuv's General Store.
 27120 | Shoals:1 | 27120 ||| INVOKING Heroism.
 27121 | Shoals:1 | 27121 ||| INVOKING Finesse.
 27132 | Shoals:1 | Received a gift from Okawaru
 27144 | Shoals:1 | 27144 ||| Stepping ~*~*~tactically~*~*~ (hiding).
 27145 | Shoals:1 | 27145 ||| Stepping ~*~*~tactically~*~*~ (hiding).
 27185 | Shoals:1 | 27185 ||| BUYING scroll of enchant weapon (127 gold).
 27185 | Shoals:1 | Bought a scroll of enchant weapon for 127 gold pieces
 27185 | Shoals:1 | 27185 ||| READING scroll of enchant weapon.
 27185 | Shoals:1 | 27185 ||| ENCHANTING +4 vampiric war axe.
 27225 | Shoals:1 | 27225 ||| Stepping ~*~*~tactically~*~*~ (hiding).
 27227 | Shoals:1 | 27227 ||| Stepping ~*~*~tactically~*~*~ (hiding).
 27229 | Shoals:1 | 27229 ||| Stepping ~*~*~tactically~*~*~ (hiding).
 27233 | Shoals:1 | 27233 ||| Stepping ~*~*~tactically~*~*~ (hiding).
 27235 | Shoals:1 | 27235 ||| INVOKING Heroism.
 27685 | Shoals:2 | 27685 ||| INVOKING Heroism.
 27691 | Shoals:2 | Reached skill level 15 in Shields
 27968 | Shoals:2 | 27968 ||| INVOKING Heroism.
 28041 | Shoals:2 | 28041 ||| Stepping ~*~*~tactically~*~*~ (hiding).
 28050 | Shoals:2 | 28050 ||| Stepping ~*~*~tactically~*~*~ (cloud).
 28098 | Shoals:2 | Found a runed translucent door.
 28103 | Shoals:2 | Found a corrupted altar of Lugonu.
 28178 | Shoals:2 | 28178 ||| READING scroll of enchant armour.
 28178 | Shoals:2 | 28178 ||| ENCHANTING +0 plate armour.
 28379 | Shoals:2 | Found a one-way gate to the infinite horrors of the Abyss.
 28379 | Shoals:2 | Found the +2 hat of the Bear Spirit {Spirit, *Rage Will++}
 28380 | Shoals:2 | 28380 ||| DROPPING +1 ring mail of the Abyss {rC+ rN+ Dex-3
                  | SInv}.
 28381 | Shoals:2 | 28381 ||| READING 23 scrolls of identify.
 28381 | Shoals:2 | 28381 ||| IDENTIFYING clear potion
 28432 | Shoals:3 | 28432 ||| INVOKING Heroism.
 28583 | Shoals:3 | 28583 ||| INVOKING Heroism.
 28743 | Shoals:3 | Found Muheodghu's Jewellery Boutique.
 28857 | Shoals:3 | 28857 ||| INVOKING Heroism.
 28874 | Shoals:3 | Noticed Mara
 28875 | Shoals:3 | 28875 ||| Stepping ~*~*~tactically~*~*~ (hiding).
 28876 | Shoals:3 | 28876 ||| Stepping ~*~*~tactically~*~*~ (hiding).
 28877 | Shoals:3 | 28877 ||| Stepping ~*~*~tactically~*~*~ (hiding).
 28879 | Shoals:3 | 28879 ||| Stepping ~*~*~tactically~*~*~ (hiding).
 28880 | Shoals:3 | 28880 ||| Stepping ~*~*~tactically~*~*~ (hiding).
 28881 | Shoals:3 | 28881 ||| Stepping ~*~*~tactically~*~*~ (hiding).
 28882 | Shoals:3 | 28882 ||| Stepping ~*~*~tactically~*~*~ (hiding).
 28889 | Shoals:3 | 28889 ||| INVOKING Heroism.
 28901 | Shoals:3 | Noticed qw's illusion
 28907 | Shoals:3 | Killed Mara
 29052 | Shoals:3 | Received a gift from Okawaru
 29158 | Shoals:3 | 29158 ||| PLANNING SPIDER:4
 29294 | Spider:4 | Entered Level 4 of the Spider Nest
 29329 | Spider:4 | 29329 ||| INVOKING Heroism.
 29387 | Spider:4 | 29387 ||| INVOKING Heroism.
 29393 | Spider:4 | 29393 ||| INVOKING Finesse.
 29407 | Spider:4 | Received a gift from Okawaru
 29436 | Spider:4 | Identified the +2 pair of boots of Okawaru, Loving {Int+2
                  | Slay+2} (Okawaru gifted it to you on level 4 of the Spider
                  | Nest)
 29436 | Spider:4 | Received a gift from Okawaru
 29454 | Spider:4 | Reached XP level 18. HP: 116/116 MP: 23/25
 29463 | Spider:4 | 29463 ||| INVOKING Heroism.
 29481 | Spider:4 | 29481 ||| INVOKING Finesse.
 29496 | Spider:4 | 29496 ||| DROPPING +0 morningstar.
 29603 | Spider:4 | Identified the +0 falchion of the Orange Skies {flame,
                  | rElec Stlth+}
 29878 | Spider:4 | Reached skill level 18 in Shields
 30029 | Spider:4 | Got a gossamer rune of Zot
 30171 | Spider:4 | 30171 ||| PLANNING VAULTS:1-4
 30171 | Spider:4 | 30171 ||| UPGRADING to +2 pair of boots of Okawaru, Loving
                  | {Int+2 Slay+2}.
 30181 | Spider:4 | 30181 ||| DROPPING +2 pair of boots.
 30389 | Vaults:1 | Entered Level 1 of the Vaults
 30509 | Vaults:1 | 30509 ||| DRINKING 17 potions of curing.
 30509 | Vaults:1 | 30509 ||| (to cure confusion)
 30574 | Vaults:1 | 30574 ||| INVOKING Heroism.
 30823 | Vaults:1 | 30823 ||| READING scroll of enchant armour.
 30823 | Vaults:1 | 30823 ||| ENCHANTING +1 plate armour.
 30829 | Vaults:1 | 30829 ||| INVOKING Heroism.
 30836 | Vaults:1 | Reached skill level 15 in Fighting
 31018 | Vaults:1 | 31018 ||| INVOKING Heroism.
 31033 | Vaults:1 | 31033 ||| DRINKING 16 potions of curing.
 31033 | Vaults:1 | 31033 ||| (to cure confusion)
 31042 | Abyss:2  | Cast into level 2 of the Abyss (a wizard)
 31060 | Abyss:2  | 31060 ||| DRINKING 3 potions of cancellation.
 31080 | Abyss:2  | 31080 ||| INVOKING Heroism.
 31092 | Abyss:2  | Reached skill level 15 in Armour
 31141 | Abyss:2  | 31141 ||| INVOKING Heroism.
 31158 | Abyss:2  | 31158 ||| Stepping ~*~*~tactically~*~*~ (stealth).
 31183 | Abyss:2  | 31183 ||| INVOKING Heroism.
 31205 | Abyss:2  | 31205 ||| INVOKING Heroism.
 31254 | Abyss:2  | 31254 ||| Stepping ~*~*~tactically~*~*~ (hiding).
 31256 | Abyss:2  | 31256 ||| Stepping ~*~*~tactically~*~*~ (hiding).
 31258 | Abyss:2  | 31258 ||| Stepping ~*~*~tactically~*~*~ (hiding).
 31270 | Abyss:2  | 31270 ||| INVOKING Heroism.
 31310 | Abyss:2  | 31310 ||| Stepping ~*~*~tactically~*~*~ (stealth).
 31324 | Abyss:2  | Found a corrupted altar of Lugonu.
 31325 | Abyss:2  | 31325 ||| Stepping ~*~*~tactically~*~*~ (stealth).
 31327 | Abyss:2  | 31327 ||| Stepping ~*~*~tactically~*~*~ (stealth).
 31335 | Abyss:2  | 31335 ||| Stepping ~*~*~tactically~*~*~ (hiding).
 31337 | Abyss:2  | 31337 ||| Stepping ~*~*~tactically~*~*~ (hiding).
 31339 | Abyss:2  | 31339 ||| Stepping ~*~*~tactically~*~*~ (stealth).
 31353 | Abyss:2  | 31353 ||| INVOKING Heroism.
 31356 | Abyss:2  | Received a gift from Okawaru
 31364 | Abyss:2  | Found a corrupted altar of Lugonu.
 31485 | Abyss:2  | 31485 ||| Stepping ~*~*~tactically~*~*~ (stealth).
 31490 | Abyss:2  | 31490 ||| INVOKING Heroism.
 31517 | Abyss:2  | 31517 ||| Stepping ~*~*~tactically~*~*~ (stealth).
 31518 | Abyss:2  | 31518 ||| Stepping ~*~*~tactically~*~*~ (stealth).
 31544 | Abyss:2  | 31544 ||| Stepping ~*~*~tactically~*~*~ (stealth).
 31548 | Abyss:2  | 31548 ||| Stepping ~*~*~tactically~*~*~ (stealth).
 31584 | Abyss:2  | 31584 ||| Stepping ~*~*~tactically~*~*~ (stealth).
 31589 | Abyss:2  | 31589 ||| INVOKING Heroism.
 31704 | Vaults:1 | Escaped the Abyss
 31768 | Vaults:1 | Found Xomead's Distillery.
 31777 | Vaults:1 | 31777 ||| BUYING 2 potions of curing (102 gold).
 31777 | Vaults:1 | Bought 2 potions of curing for 102 gold pieces
 31777 | Vaults:1 | 31777 ||| BUYING potion of attraction (51 gold).
 31777 | Vaults:1 | Bought a potion of attraction for 51 gold pieces
 31777 | Vaults:1 | 31777 ||| BUYING potion of curing (51 gold).
 31777 | Vaults:1 | Bought a potion of curing for 51 gold pieces
 31777 | Vaults:1 | 31777 ||| BUYING potion of curing (51 gold).
 31777 | Vaults:1 | Bought a potion of curing for 51 gold pieces
 31777 | Vaults:1 | 31777 ||| BUYING potion of curing (51 gold).
 31777 | Vaults:1 | Bought a potion of curing for 51 gold pieces
 31950 | Vaults:1 | 31950 ||| Stepping ~*~*~tactically~*~*~ (stealth).
 31955 | Vaults:1 | 31955 ||| Stepping ~*~*~tactically~*~*~ (stealth).
 32067 | Vaults:1 | 32067 ||| Stepping ~*~*~tactically~*~*~ (stealth).
 32069 | Vaults:1 | 32069 ||| Stepping ~*~*~tactically~*~*~ (stealth).
 32329 | Vaults:2 | 32329 ||| INVOKING Heroism.
 32330 | Vaults:2 | 32330 ||| STAIRDANCE
 32342 | Vaults:2 | 32342 ||| STAIRDANCE
 32348 | Vaults:1 | Reached skill level 9 in Throwing
 32382 | Vaults:2 | 32382 ||| STAIRDANCE
 32386 | Vaults:1 | 32386 ||| INVOKING Heroism.
 32405 | Vaults:1 | Received a gift from Okawaru
 32412 | Vaults:2 | 32412 ||| STAIRDANCE
 32432 | Vaults:2 | 32432 ||| STAIRDANCE
 32454 | Vaults:2 | 32454 ||| INVOKING Heroism.
 32583 | Vaults:2 | 32583 ||| Stepping randomly (stuck).
 32584 | Vaults:2 | 32584 ||| Stepping randomly (stuck).
 32585 | Vaults:2 | 32585 ||| Stepping randomly (stuck).
 32586 | Vaults:2 | 32586 ||| Stepping randomly (stuck).
 32587 | Vaults:2 | 32587 ||| Stepping randomly (stuck).
 32588 | Vaults:2 | 32588 ||| Stepping randomly (stuck).
 32589 | Vaults:2 | 32589 ||| Stepping randomly (stuck).
 32596 | Vaults:2 | 32596 ||| Stepping ~*~*~tactically~*~*~ (hiding).
 32598 | Vaults:2 | 32598 ||| Stepping ~*~*~tactically~*~*~ (hiding).
 32599 | Vaults:2 | 32599 ||| FLEEEEING.
 32600 | Vaults:2 | 32600 ||| Stepping ~*~*~tactically~*~*~ (hiding).
 32602 | Vaults:2 | 32602 ||| FLEEEEING.
 32619 | Vaults:2 | 32619 ||| Stepping randomly (stuck).
 32620 | Vaults:2 | 32620 ||| Stepping randomly (stuck).
 32622 | Vaults:2 | 32622 ||| Stepping randomly (stuck).
 32624 | Vaults:2 | 32624 ||| Stepping randomly (stuck).
 32625 | Vaults:2 | 32625 ||| Stepping randomly (stuck).
 32627 | Vaults:2 | 32627 ||| Stepping randomly (stuck).
 32628 | Vaults:2 | 32628 ||| Stepping randomly (stuck).
 32630 | Vaults:2 | 32630 ||| Stepping randomly (stuck).
 32632 | Vaults:2 | 32632 ||| Stepping randomly (stuck).
 32633 | Vaults:2 | 32633 ||| Stepping randomly (stuck).
 32634 | Vaults:2 | 32634 ||| Stepping randomly (stuck).
 32635 | Vaults:2 | 32635 ||| Stepping randomly (stuck).
 32636 | Vaults:2 | 32636 ||| Stepping randomly (stuck).
 32637 | Vaults:2 | 32637 ||| Stepping randomly (stuck).
 32638 | Vaults:2 | 32638 ||| Stepping randomly (stuck).
 32639 | Vaults:2 | 32639 ||| Stepping randomly (stuck).
 32640 | Vaults:2 | 32640 ||| Stepping randomly (stuck).
 32642 | Vaults:2 | 32642 ||| Stepping randomly (stuck).
 32644 | Vaults:2 | 32644 ||| Stepping randomly (stuck).
 32645 | Vaults:2 | 32645 ||| Stepping randomly (stuck).
 32646 | Vaults:2 | 32646 ||| Stepping randomly (stuck).
 32647 | Vaults:2 | 32647 ||| Stepping randomly (stuck).
 32648 | Vaults:2 | 32648 ||| Stepping randomly (stuck).
 32649 | Vaults:2 | 32649 ||| Stepping randomly (stuck).
 32650 | Vaults:2 | 32650 ||| Stepping randomly (stuck).
 32651 | Vaults:2 | 32651 ||| Stepping randomly (stuck).
 32652 | Vaults:2 | 32652 ||| Stepping randomly (stuck).
 32653 | Vaults:2 | 32653 ||| Stepping randomly (stuck).
 32654 | Vaults:2 | 32654 ||| Stepping randomly (stuck).
 32655 | Vaults:2 | 32655 ||| Stepping randomly (stuck).
 32656 | Vaults:2 | 32656 ||| Stepping randomly (stuck).
 32657 | Vaults:2 | 32657 ||| Stepping randomly (stuck).
 32658 | Vaults:2 | 32658 ||| Stepping randomly (stuck).
 32659 | Vaults:2 | 32659 ||| Stepping randomly (stuck).
 32660 | Vaults:2 | 32660 ||| Stepping randomly (stuck).
 32661 | Vaults:2 | 32661 ||| Stepping randomly (stuck).
 32662 | Vaults:2 | 32662 ||| Stepping randomly (stuck).
 32663 | Vaults:2 | 32663 ||| Stepping randomly (stuck).
 32664 | Vaults:2 | 32664 ||| Stepping randomly (stuck).
 32666 | Vaults:2 | 32666 ||| Stepping randomly (stuck).
 32670 | Vaults:2 | 32670 ||| Stepping randomly (stuck).
 32671 | Vaults:2 | 32671 ||| Stepping randomly (stuck).
 32672 | Vaults:2 | 32672 ||| Stepping randomly (stuck).
 32673 | Vaults:2 | 32673 ||| Stepping randomly (stuck).
 32674 | Vaults:2 | 32674 ||| READING 11 scrolls of teleportation.
 32772 | Vaults:2 | 32772 ||| INVOKING Heroism.
 32779 | Vaults:2 | Received a gift from Okawaru
 32780 | Vaults:2 | 32780 ||| Stepping ~*~*~tactically~*~*~ (hiding).
 32783 | Vaults:2 | 32783 ||| Stepping ~*~*~tactically~*~*~ (hiding).
 32787 | Vaults:2 | Reached XP level 19. HP: 125/125 MP: 26/26
 32819 | Vaults:2 | 32819 ||| INVOKING Heroism.
 32861 | Vaults:2 | 32861 ||| INVOKING Heroism.
 32890 | Vaults:2 | Received a gift from Okawaru
 32896 | Vaults:2 | 32896 ||| Stepping ~*~*~tactically~*~*~ (hiding).
 32902 | Vaults:2 | 32902 ||| INVOKING Heroism.
 32913 | Vaults:2 | Received a gift from Okawaru
 32988 | Vaults:2 | 32988 ||| Stepping ~*~*~tactically~*~*~ (stealth).
 32990 | Vaults:2 | 32990 ||| Stepping ~*~*~tactically~*~*~ (stealth).
 33044 | Vaults:2 | 33044 ||| Stepping ~*~*~tactically~*~*~ (stealth).
 33130 | Vaults:2 | 33130 ||| INVOKING Heroism.
 33314 | Vaults:2 | 33314 ||| INVOKING Heroism.
 33315 | Vaults:2 | 33315 ||| INVOKING Finesse.
 33387 | Vaults:2 | Identified the +11 great mace "Zyserewe" {vorpal, MP+9}
 33478 | Vaults:2 | 33478 ||| INVOKING Heroism.
 33487 | Vaults:2 | Identified the +9 double sword "Niotiuna" {drain, Will+
                  | rCorr Dex+3 SInv} (Okawaru gifted it to you on level 2 of
                  | the Vaults)
 33487 | Vaults:2 | Received a gift from Okawaru
 33507 | Vaults:2 | 33507 ||| Stepping ~*~*~tactically~*~*~ (stealth).
 33823 | Vaults:2 | 33823 ||| FLEEEEING.
 33824 | Vaults:2 | 33824 ||| FLEEEEING.
 33825 | Vaults:2 | 33825 ||| FLEEEEING.
 33826 | Vaults:2 | 33826 ||| STAIRDANCE
 33928 | Vaults:1 | 33928 ||| DROPPING 21 boomerangs.
 33929 | Vaults:1 | 33929 ||| DROPPING 3 silver boomerangs.
 33932 | Vaults:2 | 33932 ||| STAIRDANCE
 33948 | Vaults:2 | 33948 ||| STAIRDANCE
 33961 | Vaults:2 | 33961 ||| STAIRDANCE
 33981 | Vaults:2 | 33981 ||| STAIRDANCE
 34073 | Vaults:2 | Identified the +0 scale mail of the Turtle {Int+2}
 34110 | Vaults:2 | 34110 ||| Stepping ~*~*~tactically~*~*~ (stealth).
 34112 | Vaults:2 | 34112 ||| INVOKING Heroism.
 34221 | Vaults:2 | 34221 ||| Stepping ~*~*~tactically~*~*~ (hiding).
 34222 | Vaults:2 | 34222 ||| Stepping ~*~*~tactically~*~*~ (hiding).
 34238 | Vaults:2 | 34238 ||| Stepping ~*~*~tactically~*~*~ (hiding).
 34244 | Vaults:2 | 34244 ||| Stepping ~*~*~tactically~*~*~ (hiding).
 34275 | Vaults:2 | 34275 ||| INVOKING Heroism.
 34386 | Vaults:2 | Found a staircase to the Crypt.
 34386 | Vaults:2 | Found a basalt altar of Yredelemnul.
 34386 | Vaults:2 | Found an ancient bone altar of Kikubaaqudgha.
 34448 | Vaults:2 | 34448 ||| INVOKING Finesse.
 34505 | Vaults:2 | 34505 ||| DROPPING +2 helmet.
 34561 | Vaults:3 | 34561 ||| PLANNING DESOLATION
 34580 | Vaults:3 | 34580 ||| FLEEEEING.
 34583 | Vaults:3 | 34583 ||| STAIRDANCE
 34687 | Vaults:3 | 34687 ||| Stepping ~*~*~tactically~*~*~ (hiding).
 34690 | Vaults:3 | 34690 ||| Stepping ~*~*~tactically~*~*~ (hiding).
 34930 | Vaults:3 | 34930 ||| FLEEEEING.
 34931 | Vaults:3 | 34931 ||| FLEEEEING.
 34932 | Vaults:3 | 34932 ||| FLEEEEING.
 34933 | Vaults:3 | 34933 ||| FLEEEEING.
 34934 | Vaults:3 | 34934 ||| FLEEEEING.
 34935 | Vaults:3 | 34935 ||| FLEEEEING.
 34936 | Vaults:3 | 34936 ||| FLEEEEING.
 34937 | Vaults:3 | 34937 ||| FLEEEEING.
 34979 | Vaults:3 | Found a crumbling gateway.
 34982 | Vaults:3 | 34982 ||| INVOKING Heroism.
 35016 | Desolati | Entered the Desolation of Salt
 35046 | Desolati | 35046 ||| INVOKING Finesse.
 35120 | Desolati | Identified the ring of Feigh {Ice Dex+2}
 35127 | Desolati | Identified the amulet "Oquki" {Acrobat *Corrode rPois rN+
                  | Str+4 Dex+7}
 35166 | Desolati | 35166 ||| INVOKING Heroism.
 35205 | Desolati | 35205 ||| INVOKING Heroism.
 35206 | Desolati | 35206 ||| INVOKING Finesse.
 35266 | Desolati | Reached XP level 20. HP: 62/134 MP: 27/27
 35272 | Desolati | 35272 ||| INVOKING Heroism.
 35294 | Desolati | Identified the ring "Qeyqauny" {rCorr Str+3 Int+2 Dex+2
                  | Slay+4}
 35342 | Desolati | Identified the +1 ring mail of the Other Side {Stlth+}
 35650 | Desolati | 35650 ||| INVOKING Heroism.
 35663 | Desolati | Identified the +1 scale mail of Soft Rains {rN++}
 35724 | Desolati | 35724 ||| Stepping ~*~*~tactically~*~*~ (stealth).
 35807 | Desolati | Received a gift from Okawaru
 35820 | Desolati | Found the +10 tower shield of Ignorance {rN+ Int-4}
 35871 | Desolati | 35871 ||| DROPPING +3 chain mail of cold resistance.
 35872 | Desolati | 35872 ||| UPGRADING to +1 crystal plate armour.
 35882 | Desolati | 35882 ||| DROPPING +2 plate armour.
 35883 | Desolati | 35883 ||| UPGRADING to +10 tower shield of Ignorance {rN+
                  | Int-4}.
 35893 | Desolati | 35893 ||| DROPPING +0 tower shield.
 35894 | Desolati | 35894 ||| UPGRADING to amulet "Oquki" {Acrobat *Corrode
                  | rPois rN+ Str+4 Dex+7}.
 35904 | Desolati | 35904 ||| DROPPING amulet of regeneration.
 35905 | Desolati | 35905 ||| DROPPING ring of fire.
 35906 | Desolati | 35906 ||| UPGRADING to ring "Qeyqauny" {rCorr Str+3 Int+2
                  | Dex+2 Slay+4}.
 35908 | Desolati | 35908 ||| DROPPING +4 ring of evasion.
 35927 | Desolati | 35927 ||| Stepping ~*~*~tactically~*~*~ (stealth).
 35985 | Vaults:3 | 35985 ||| PLANNING VAULTS:1-4
 35999 | Vaults:3 | 35999 ||| INVOKING Heroism.
 36069 | Vaults:3 | 36069 ||| Stepping ~*~*~tactically~*~*~ (hiding).
 36074 | Vaults:3 | 36074 ||| Stepping ~*~*~tactically~*~*~ (hiding).
 36149 | Vaults:3 | 36149 ||| Stepping ~*~*~tactically~*~*~ (stealth).
 36152 | Vaults:3 | 36152 ||| Stepping ~*~*~tactically~*~*~ (hiding).
 36222 | Vaults:3 | 36222 ||| Stepping ~*~*~tactically~*~*~ (stealth).
 36281 | Vaults:3 | 36281 ||| Stepping ~*~*~tactically~*~*~ (stealth).
 36499 | Vaults:3 | 36499 ||| Stepping ~*~*~tactically~*~*~ (hiding).
 36501 | Vaults:3 | 36501 ||| INVOKING Heroism.
 36502 | Vaults:3 | 36502 ||| DRINKING 22 potions of curing.
 36502 | Vaults:3 | 36502 ||| (to cure confusion)
 36503 | Vaults:3 | 36503 ||| INVOKING Finesse.
 36588 | Vaults:3 | Reached skill level 18 in Armour
 36645 | Vaults:3 | 36645 ||| Stepping ~*~*~tactically~*~*~ (hiding).
 37027 | Vaults:4 | 37027 ||| Stepping ~*~*~tactically~*~*~ (hiding).
 37234 | Vaults:4 | 37234 ||| FLEEEEING.
 37235 | Vaults:4 | 37235 ||| FLEEEEING.
 37236 | Vaults:4 | 37236 ||| FLEEEEING.
 37237 | Vaults:4 | 37237 ||| FLEEEEING.
 37238 | Vaults:4 | 37238 ||| FLEEEEING.
 37239 | Vaults:4 | 37239 ||| FLEEEEING.
 37240 | Vaults:4 | 37240 ||| FLEEEEING.
 37241 | Vaults:4 | 37241 ||| FLEEEEING.
 37242 | Vaults:4 | 37242 ||| FLEEEEING.
 37248 | Vaults:4 | 37248 ||| FLEEEEING.
 37249 | Vaults:4 | 37249 ||| FLEEEEING.
 37250 | Vaults:4 | 37250 ||| FLEEEEING.
 37251 | Vaults:4 | 37251 ||| FLEEEEING.
 37252 | Vaults:4 | 37252 ||| FLEEEEING.
 37253 | Vaults:4 | 37253 ||| FLEEEEING.
 37254 | Vaults:4 | 37254 ||| FLEEEEING.
 37262 | Vaults:4 | 37262 ||| FLEEEEING.
 37264 | Vaults:4 | 37264 ||| FLEEEEING.
 37265 | Vaults:4 | 37265 ||| FLEEEEING.
 37266 | Vaults:4 | 37266 ||| FLEEEEING.
 37267 | Vaults:4 | 37267 ||| FLEEEEING.
 37268 | Vaults:4 | 37268 ||| FLEEEEING.
 37269 | Vaults:4 | 37269 ||| FLEEEEING.
 37270 | Vaults:4 | 37270 ||| FLEEEEING.
 37271 | Vaults:4 | 37271 ||| FLEEEEING.
 37272 | Vaults:4 | 37272 ||| FLEEEEING.
 37276 | Vaults:4 | 37276 ||| STAIRDANCE
 37392 | Vaults:4 | 37392 ||| INVOKING Heroism.
 37407 | Vaults:4 | 37407 ||| Stepping ~*~*~tactically~*~*~ (hiding).
 37413 | Vaults:4 | 37413 ||| Stepping ~*~*~tactically~*~*~ (stealth).
 37428 | Vaults:4 | Reached skill level 9 in Dodging
 37548 | Abyss:2  | Cast into level 2 of the Abyss (a wizard)
 37556 | Abyss:2  | 37556 ||| INVOKING Heroism.
 37726 | Abyss:2  | 37726 ||| Stepping ~*~*~tactically~*~*~ (stealth).
 37822 | Abyss:2  | 37822 ||| Stepping ~*~*~tactically~*~*~ (stealth).
 37875 | Abyss:2  | 37875 ||| Stepping ~*~*~tactically~*~*~ (stealth).
 37886 | Abyss:2  | Received a gift from Okawaru
 37901 | Abyss:2  | 37901 ||| Stepping ~*~*~tactically~*~*~ (hiding).
 37903 | Abyss:2  | 37903 ||| Stepping ~*~*~tactically~*~*~ (hiding).
 37985 | Abyss:2  | 37985 ||| Stepping ~*~*~tactically~*~*~ (stealth).
 37988 | Abyss:2  | 37988 ||| Stepping ~*~*~tactically~*~*~ (stealth).
 37991 | Abyss:2  | 37991 ||| Stepping ~*~*~tactically~*~*~ (stealth).
 37992 | Abyss:2  | 37992 ||| Stepping ~*~*~tactically~*~*~ (stealth).
 38003 | Abyss:2  | 38003 ||| Stepping ~*~*~tactically~*~*~ (hiding).
 38041 | Abyss:2  | 38041 ||| Stepping ~*~*~tactically~*~*~ (stealth).
 38043 | Abyss:2  | 38043 ||| Stepping ~*~*~tactically~*~*~ (hiding).
 38054 | Abyss:2  | 38054 ||| INVOKING Heroism.
 38093 | Abyss:2  | Identified the +2 pair of boots of Pyazecod {rElec rF+
                  | Will+} (Okawaru gifted it to you on level 2 of the Abyss)
 38093 | Abyss:2  | Received a gift from Okawaru
 38107 | Abyss:2  | 38107 ||| Stepping ~*~*~tactically~*~*~ (stealth).
 38112 | Abyss:2  | 38112 ||| Stepping ~*~*~tactically~*~*~ (hiding).
 38127 | Vaults:4 | Escaped the Abyss
 38166 | Vaults:4 | 38166 ||| INVOKING Heroism.
 38237 | Vaults:4 | 38237 ||| INVOKING Heroism.
 38259 | Vaults:4 | Reached XP level 21. HP: 139/139 MP: 28/28
 38379 | Vaults:4 | 38379 ||| READING scroll of enchant weapon.
 38379 | Vaults:4 | 38379 ||| ENCHANTING +5 vampiric war axe.
 38529 | Vaults:4 | 38529 ||| Stepping ~*~*~tactically~*~*~ (hiding).
 38653 | Vaults:4 | 38653 ||| Stepping ~*~*~tactically~*~*~ (stealth).
 38655 | Vaults:4 | 38655 ||| Stepping ~*~*~tactically~*~*~ (hiding).
 38667 | Vaults:4 | 38667 ||| Stepping ~*~*~tactically~*~*~ (stealth).
 38863 | Vaults:4 | 38863 ||| Stepping ~*~*~tactically~*~*~ (hiding).
 38865 | Vaults:4 | 38865 ||| INVOKING Heroism.
 39009 | Vaults:4 | Found a large runed translucent door.
 39009 | Vaults:4 | Found a large runed translucent door.
 39010 | Vaults:4 | Noticed Faydane's ghost (veteran HuFi)
 39259 | Vaults:4 | 39259 ||| PLANNING SHOALS:4
 39259 | Vaults:4 | 39259 ||| UPGRADING to +2 pair of boots of Pyazecod {rElec
                  | rF+ Will+}.
 39269 | Vaults:4 | 39269 ||| DROPPING ring of willpower.
 39569 | Shoals:4 | Entered Level 4 of the Shoals
 39570 | Shoals:4 | 39570 ||| INVOKING Heroism.
 39571 | Shoals:4 | 39571 ||| STAIRDANCE
 39582 | Shoals:4 | 39582 ||| STAIRDANCE
 39604 | Shoals:4 | Identified the +1 scale mail of Otasom {Harm *Corrode rF-
                  | Int+9} (Okawaru gifted it to you on level 4 of the Shoals)
 39604 | Shoals:4 | Received a gift from Okawaru
 39666 | Shoals:4 | 39666 ||| Stepping ~*~*~tactically~*~*~ (hiding).
 39684 | Shoals:4 | 39684 ||| Stepping ~*~*~tactically~*~*~ (hiding).
 39728 | Shoals:4 | 39728 ||| Stepping ~*~*~tactically~*~*~ (hiding).
 39741 | Shoals:4 | 39741 ||| INVOKING Heroism.
 39777 | Shoals:4 | 39777 ||| Stepping ~*~*~tactically~*~*~ (stealth).
 39887 | Shoals:4 | Found Uhaloec's Magic Scroll Emporium.
 39902 | Shoals:4 | 39902 ||| BUYING scroll of teleportation (57 gold).
 39902 | Shoals:4 | Bought a scroll of teleportation for 57 gold pieces
 39902 | Shoals:4 | 39902 ||| BUYING scroll of teleportation (57 gold).
 39902 | Shoals:4 | Bought a scroll of teleportation for 57 gold pieces
 39902 | Shoals:4 | 39902 ||| BUYING scroll of teleportation (57 gold).
 39902 | Shoals:4 | Bought a scroll of teleportation for 57 gold pieces
 39902 | Shoals:4 | 39902 ||| BUYING scroll of teleportation (57 gold).
 39902 | Shoals:4 | Bought a scroll of teleportation for 57 gold pieces
 39923 | Shoals:4 | 39923 ||| Stepping ~*~*~tactically~*~*~ (hiding).
 39929 | Shoals:4 | 39929 ||| INVOKING Heroism.
 39930 | Shoals:4 | 39930 ||| INVOKING Finesse.
 40013 | Shoals:4 | 40013 ||| INVOKING Heroism.
 40015 | Shoals:4 | 40015 ||| INVOKING Finesse.
 40114 | Shoals:4 | 40114 ||| INVOKING Heroism.
 40118 | Shoals:4 | Reached skill level 18 in Fighting
 40181 | Shoals:4 | 40181 ||| INVOKING Heroism.
 40299 | Shoals:4 | Identified the +8 broad axe "Wucuocw" {flame, +Blink rElec
                  | Will+ Dex+4}
 40301 | Shoals:4 | 40301 ||| SWAPPING to +8 broad axe "Wucuocw" {flame, +Blink
                  | rElec Will+ Dex+4}.
 40302 | Shoals:4 | 40302 ||| DROPPING +6 vampiric war axe.
 40303 | Shoals:4 | 40303 ||| DROPPING +1 vorpal broad axe.
 40381 | Shoals:4 | 40381 ||| Stepping ~*~*~tactically~*~*~ (hiding).
 40385 | Shoals:4 | 40385 ||| INVOKING Heroism.
 40390 | Shoals:4 | 40390 ||| Stepping ~*~*~tactically~*~*~ (hiding).
 40398 | Shoals:4 | 40398 ||| Stepping ~*~*~tactically~*~*~ (hiding).
 40404 | Shoals:4 | 40404 ||| Stepping ~*~*~tactically~*~*~ (hiding).
 40502 | Shoals:4 | Got a barnacled rune of Zot
 40618 | Shoals:4 | 40618 ||| Stepping ~*~*~tactically~*~*~ (hiding).
 40621 | Shoals:4 | 40621 ||| INVOKING Heroism.
 40623 | Shoals:4 | 40623 ||| Stepping ~*~*~tactically~*~*~ (hiding).
 40629 | Shoals:4 | 40629 ||| Stepping ~*~*~tactically~*~*~ (hiding).
 40740 | Shoals:4 | Identified the +10 storm dragon scales of Incorporation
                  | {rElec Regen+ rCorr Dex-2}
 40860 | Shoals:4 | 40860 ||| PLANNING DEPTHS
 40860 | Shoals:4 | 40860 ||| UPGRADING to +10 storm dragon scales of
                  | Incorporation {rElec Regen+ rCorr Dex-2}.
 40870 | Shoals:4 | 40870 ||| DROPPING +0 acid dragon scales.
 40871 | Shoals:4 | 40871 ||| DROPPING +1 scale mail "Renopuf" {-Tele Contam
                  | rPois rCorr}.
 40872 | Shoals:4 | 40872 ||| DROPPING +1 crystal plate armour.
 40873 | Shoals:4 | 40873 ||| DROPPING ring of ice.
 41161 | Depths:1 | Entered Level 1 of the Depths
 41162 | Depths:1 | 41162 ||| INVOKING Heroism.
 41257 | Depths:1 | 41257 ||| Stepping ~*~*~tactically~*~*~ (hiding).
 41276 | Depths:1 | 41276 ||| Stepping ~*~*~tactically~*~*~ (cloud).
 41360 | Depths:1 | 41360 ||| Stepping ~*~*~tactically~*~*~ (hiding).
 41361 | Depths:1 | 41361 ||| Stepping ~*~*~tactically~*~*~ (hiding).
 41488 | Depths:1 | 41488 ||| Stepping ~*~*~tactically~*~*~ (hiding).
 41632 | Depths:1 | Found Tudaejosk's Assorted Antiques.
 41642 | Depths:1 | 41642 ||| BUYING potion of haste (400 gold).
 41642 | Depths:1 | Bought a potion of haste for 400 gold pieces
 41651 | Depths:1 | Found a shimmering altar of Xom.
 41655 | Depths:1 | 41655 ||| INVOKING Heroism.
 41658 | Depths:1 | 41658 ||| Stepping ~*~*~tactically~*~*~ (stealth).
 41664 | Depths:1 | Received a gift from Okawaru
 41677 | Depths:1 | 41677 ||| Stepping ~*~*~tactically~*~*~ (hiding).
 41761 | Depths:1 | 41761 ||| Stepping ~*~*~tactically~*~*~ (hiding).
 41767 | Depths:1 | 41767 ||| INVOKING Heroism.
 41770 | Depths:1 | 41770 ||| Stepping ~*~*~tactically~*~*~ (hiding).
 41795 | Depths:1 | Received a gift from Okawaru
 41796 | Depths:1 | 41796 ||| Stepping ~*~*~tactically~*~*~ (hiding).
 41801 | Depths:1 | 41801 ||| INVOKING Heroism.
 41810 | Depths:1 | Gained mutation: Your spells are a little easier to cast,
                  | but a little less powerful. [a neqoxec]
 41826 | Depths:1 | Reached XP level 22. HP: 147/147 MP: 29/29
 41853 | Depths:1 | 41853 ||| Stepping ~*~*~tactically~*~*~ (hiding).
 41972 | Depths:1 | 41972 ||| Stepping ~*~*~tactically~*~*~ (stealth).
 42184 | Depths:1 | 42184 ||| INVOKING Heroism.
 42185 | Depths:1 | 42185 ||| INVOKING Finesse.
 42252 | Depths:1 | 42252 ||| Stepping ~*~*~tactically~*~*~ (hiding).
 42258 | Depths:1 | Found a gateway to Hell.
 42259 | Depths:1 | 42259 ||| INVOKING Heroism.
 42260 | Depths:1 | 42260 ||| Stepping randomly (cloudy).
 42295 | Depths:1 | Received a gift from Okawaru
 42296 | Depths:1 | 42296 ||| Stepping ~*~*~tactically~*~*~ (hiding).
 42373 | Depths:1 | 42373 ||| Stepping ~*~*~tactically~*~*~ (stealth).
 42670 | Depths:2 | 42670 ||| INVOKING Heroism.
 42791 | Depths:2 | 42791 ||| Stepping ~*~*~tactically~*~*~ (hiding).
 42797 | Depths:2 | Reached skill level 18 in Axes
 42808 | Depths:2 | 42808 ||| Stepping ~*~*~tactically~*~*~ (stealth).
 42817 | Depths:2 | Received a gift from Okawaru
 42967 | Depths:2 | 42967 ||| Stepping ~*~*~tactically~*~*~ (stealth).
 42970 | Depths:2 | 42970 ||| Stepping ~*~*~tactically~*~*~ (stealth).
 42971 | Depths:2 | 42971 ||| Stepping ~*~*~tactically~*~*~ (stealth).
 42973 | Depths:2 | 42973 ||| Stepping ~*~*~tactically~*~*~ (stealth).
 42975 | Depths:2 | 42975 ||| Stepping ~*~*~tactically~*~*~ (hiding).
 42978 | Depths:2 | 42978 ||| INVOKING Heroism.
 42997 | Depths:2 | 42997 ||| INVOKING Finesse.
 43002 | Depths:2 | Paralysed by a floating eye for 2 turns
 43105 | Depths:2 | Found Itogg's Antique Armour Emporium.
 43107 | Depths:2 | Found Notinon's Assorted Antiques.
 43107 | Depths:2 | Found Osymmafu's Assorted Antiques.
 43113 | Depths:2 | 43113 ||| Stepping ~*~*~tactically~*~*~ (hiding).
 43116 | Depths:2 | 43116 ||| Stepping ~*~*~tactically~*~*~ (hiding).
 43118 | Depths:2 | 43118 ||| Stepping ~*~*~tactically~*~*~ (hiding).
 43141 | Depths:2 | Found Odyblae's Antique Weapon Shoppe.
 43146 | Depths:2 | 43146 ||| BUYING pair of runed gloves (277 gold).
 43146 | Depths:2 | Bought a pair of runed gloves for 277 gold pieces
 43146 | Depths:2 | 43146 ||| BUYING potion of haste (370 gold).
 43146 | Depths:2 | Bought a potion of haste for 370 gold pieces
 43146 | Depths:2 | 43146 ||| BUYING scroll of teleportation (111 gold).
 43146 | Depths:2 | Bought a scroll of teleportation for 111 gold pieces
 43152 | Depths:2 | 43152 ||| BUYING golden ring (180 gold).
 43152 | Depths:2 | Bought a golden ring for 180 gold pieces
 43152 | Depths:2 | 43152 ||| BUYING potion of lignification (108 gold).
 43152 | Depths:2 | Bought a potion of lignification for 108 gold pieces
 43606 | Depths:2 | 43606 ||| DROPPING +2 pair of gloves of infusion.
 43607 | Depths:2 | 43607 ||| DROPPING ring of magical power.
 43645 | Depths:3 | 43645 ||| Stepping ~*~*~tactically~*~*~ (stealth).
 43677 | Depths:3 | 43677 ||| Stepping ~*~*~tactically~*~*~ (stealth).
 43695 | Depths:3 | 43695 ||| Stepping ~*~*~tactically~*~*~ (stealth).
 43697 | Depths:3 | 43697 ||| Stepping ~*~*~tactically~*~*~ (hiding).
 43699 | Depths:3 | 43699 ||| Stepping ~*~*~tactically~*~*~ (hiding).
 43700 | Depths:3 | 43700 ||| Stepping ~*~*~tactically~*~*~ (hiding).
 43811 | Depths:3 | 43811 ||| Stepping ~*~*~tactically~*~*~ (hiding).
 43816 | Depths:3 | 43816 ||| Stepping ~*~*~tactically~*~*~ (hiding).
 43826 | Depths:3 | 43826 ||| INVOKING Heroism.
 43885 | Depths:3 | 43885 ||| INVOKING Heroism.
 43951 | Depths:3 | 43951 ||| Stepping ~*~*~tactically~*~*~ (stealth).
 43952 | Depths:3 | Paralysed by an air elemental for 1 turns
 43953 | Depths:3 | 43953 ||| INVOKING Heroism.
 43956 | Depths:3 | 43956 ||| Stepping ~*~*~tactically~*~*~ (hiding).
 43957 | Depths:3 | 43957 ||| Stepping ~*~*~tactically~*~*~ (hiding).
 43964 | Depths:3 | 43964 ||| Stepping ~*~*~tactically~*~*~ (hiding).
 43968 | Depths:3 | Paralysed by an air elemental for 1 turns
 43971 | Depths:3 | 43971 ||| Stepping ~*~*~tactically~*~*~ (hiding).
 43996 | Depths:3 | Received a gift from Okawaru
 44003 | Depths:3 | 44003 ||| Stepping ~*~*~tactically~*~*~ (stealth).
 44005 | Depths:3 | 44005 ||| Stepping ~*~*~tactically~*~*~ (hiding).
 44019 | Depths:3 | 44019 ||| INVOKING Heroism.
 44063 | Depths:3 | 44063 ||| INVOKING Heroism.
 44146 | Depths:3 | Reached skill level 12 in Dodging
 44150 | Depths:3 | 44150 ||| Stepping ~*~*~tactically~*~*~ (stealth).
 44152 | Depths:3 | 44152 ||| INVOKING Heroism.
 44153 | Depths:3 | 44153 ||| INVOKING Finesse.
 44200 | Depths:3 | 44200 ||| Stepping ~*~*~tactically~*~*~ (stealth).
 44201 | Depths:3 | 44201 ||| Stepping ~*~*~tactically~*~*~ (stealth).
 44204 | Depths:3 | 44204 ||| Stepping ~*~*~tactically~*~*~ (hiding).
 44262 | Depths:3 | 44262 ||| Stepping ~*~*~tactically~*~*~ (stealth).
 44328 | Depths:3 | 44328 ||| INVOKING Heroism.
 44329 | Depths:3 | 44329 ||| INVOKING Finesse.
 44385 | Depths:3 | 44385 ||| Stepping ~*~*~tactically~*~*~ (hiding).
 44473 | Depths:3 | Noticed a golden dragon
 44474 | Depths:3 | 44474 ||| Stepping ~*~*~tactically~*~*~ (hiding).
 44475 | Depths:3 | 44475 ||| INVOKING Heroism.
 44476 | Depths:3 | 44476 ||| INVOKING Finesse.
 44485 | Depths:3 | Killed a golden dragon
 44542 | Depths:3 | a titan changed into a golden dragon
 44542 | Depths:3 | Noticed a golden dragon (glowing shapeshifter)
 44549 | Depths:3 | Killed a golden dragon
 44549 | Depths:3 | Received a gift from Okawaru
 44551 | Depths:3 | 44551 ||| DROPPING +1 broad axe of flaming.
 44553 | Depths:3 | 44553 ||| INVOKING Heroism.
 44554 | Depths:3 | 44554 ||| INVOKING Finesse.
 44605 | Depths:3 | 44605 ||| Stepping ~*~*~tactically~*~*~ (hiding).
 44649 | Depths:3 | Identified the +7 spear of the Burning Gods {vamp, Fly}
 44677 | Depths:3 | Found a one-way gateway to a ziggurat.
 44683 | Depths:3 | Identified the +11 crystal plate armour of the Turtledove
                  | {Harm}
 44708 | Depths:3 | 44708 ||| Stepping ~*~*~tactically~*~*~ (stealth).
 44709 | Depths:3 | 44709 ||| Stepping ~*~*~tactically~*~*~ (stealth).
 44738 | Depths:3 | 44738 ||| INVOKING Heroism.
 44739 | Depths:3 | 44739 ||| INVOKING Finesse.
 45016 | Depths:3 | 45016 ||| INVOKING Heroism.
 45018 | Depths:3 | 45018 ||| Stepping ~*~*~tactically~*~*~ (stealth).
 45028 | Depths:3 | 45028 ||| Stepping ~*~*~tactically~*~*~ (stealth).
 45031 | Depths:3 | 45031 ||| Stepping ~*~*~tactically~*~*~ (stealth).
 45033 | Depths:3 | 45033 ||| Stepping ~*~*~tactically~*~*~ (stealth).
 45094 | Depths:3 | 45094 ||| INVOKING Heroism.
 45095 | Depths:3 | 45095 ||| INVOKING Finesse.
 45156 | Depths:3 | 45156 ||| DROPPING amulet of faith.
 45157 | Depths:3 | 45157 ||| DROPPING +6 ring of strength.
 45183 | Depths:4 | Entered Level 4 of the Depths
 45226 | Depths:4 | 45226 ||| Stepping ~*~*~tactically~*~*~ (hiding).
 45274 | Depths:4 | 45274 ||| INVOKING Heroism.
 45365 | Depths:4 | Found Gaculiapp's Weapon Shop.
 45367 | Depths:4 | Found Finut's Assorted Antiques.
 45371 | Depths:4 | Found Nouk's Armour Shop.
 45376 | Depths:4 | 45376 ||| BUYING pair of fading boots (427 gold).
 45376 | Depths:4 | Bought a pair of fading boots for 427 gold pieces
 45376 | Depths:4 | Identified the +1 pair of boots "Xupuapee" {rC+} (You
                  | bought it in a shop on level 4 of the Depths)
 45376 | Depths:4 | 45376 ||| SHOPLISTING potion of mutation (360 gold, have
                  | 14).
 45397 | Depths:4 | 45397 ||| INVOKING Heroism.
 45404 | Depths:4 | Reached XP level 23. HP: 155/155 MP: 28/30
 45465 | Depths:4 | 45465 ||| Stepping ~*~*~tactically~*~*~ (hiding).
 45466 | Depths:4 | 45466 ||| INVOKING Heroism.
 45587 | Depths:4 | Found a gate to the Realm of Zot.
 45588 | Depths:4 | 45588 ||| INVOKING Heroism.
 45649 | Depths:4 | 45649 ||| INVOKING Heroism.
 45797 | Depths:4 | 45797 ||| INVOKING Heroism.
 45798 | Depths:4 | 45798 ||| INVOKING Finesse.
 46112 | Depths:4 | Noticed a caustic shrike
 46112 | Depths:4 | Noticed a caustic shrike
 46112 | Depths:4 | Noticed a caustic shrike
 46113 | Depths:4 | 46113 ||| INVOKING Heroism.
 46114 | Depths:4 | 46114 ||| INVOKING Finesse.
 46121 | Depths:4 | Killed a caustic shrike
 46130 | Depths:4 | Killed a caustic shrike
 46135 | Depths:4 | Killed a caustic shrike
 46168 | Depths:4 | Noticed a golden dragon
 46173 | Depths:4 | Killed a golden dragon
 46397 | Depths:4 | 46397 ||| Stepping ~*~*~tactically~*~*~ (hiding).
 46400 | Depths:4 | 46400 ||| INVOKING Heroism.
 46533 | Depths:4 | 46533 ||| INVOKING Heroism.
 46573 | Depths:4 | 46573 ||| PLANNING VAULTS:5
 46573 | Depths:4 | 46573 ||| DROPPING +0 hat of willpower.
 46830 | Vaults:5 | Entered Level 5 of the Vaults
 46831 | Vaults:5 | 46831 ||| INVOKING Heroism.
 46832 | Vaults:5 | 46832 ||| STAIRDANCE
 46898 | Vaults:5 | 46898 ||| STAIRDANCE
 46900 | Vaults:4 | 46900 ||| INVOKING Heroism.
 46967 | Vaults:5 | 46967 ||| STAIRDANCE
 46969 | Vaults:4 | 46969 ||| INVOKING Heroism.
 47067 | Vaults:5 | 47067 ||| STAIRDANCE
 47069 | Vaults:4 | 47069 ||| INVOKING Heroism.
 47149 | Vaults:5 | Noticed a dread lich
 47150 | Vaults:5 | 47150 ||| STAIRDANCE
 47213 | Vaults:5 | 47213 ||| STAIRDANCE
 47215 | Vaults:4 | 47215 ||| INVOKING Heroism.
 47220 | Vaults:4 | Received a gift from Okawaru
 47255 | Vaults:4 | 47255 ||| DROPPING scarf of shadows.
 47283 | Vaults:5 | 47283 ||| STAIRDANCE
 47285 | Vaults:4 | 47285 ||| INVOKING Heroism.
 47349 | Vaults:5 | 47349 ||| STAIRDANCE
 47349 | Vaults:5 | Noticed Margery
 47351 | Vaults:4 | 47351 ||| INVOKING Heroism.
 47352 | Vaults:4 | 47352 ||| INVOKING Finesse.
 47356 | Vaults:4 | Killed a dread lich
 47446 | Vaults:5 | 47446 ||| STAIRDANCE
 47522 | Vaults:5 | 47522 ||| STAIRDANCE
 47584 | Vaults:5 | 47584 ||| STAIRDANCE
 47586 | Vaults:4 | 47586 ||| DRINKING 3 potions of resistance.
 47587 | Vaults:4 | 47587 ||| INVOKING Heroism.
 47588 | Vaults:4 | 47588 ||| INVOKING Finesse.
 47594 | Vaults:4 | Killed Margery
 47680 | Vaults:5 | 47680 ||| STAIRDANCE
 47746 | Vaults:5 | 47746 ||| INVOKING Heroism.
 47747 | Vaults:5 | 47747 ||| STAIRDANCE
 47812 | Vaults:5 | 47812 ||| STAIRDANCE
 47814 | Vaults:4 | 47814 ||| INVOKING Heroism.
 47883 | Vaults:5 | 47883 ||| STAIRDANCE
 47996 | Vaults:5 | 47996 ||| STAIRDANCE
 48064 | Vaults:5 | 48064 ||| STAIRDANCE
 48123 | Vaults:5 | 48123 ||| INVOKING Heroism.
 48142 | Vaults:5 | Reached skill level 21 in Shields
 48171 | Vaults:5 | 48171 ||| Stepping ~*~*~tactically~*~*~ (stealth).
 48173 | Vaults:5 | 48173 ||| Stepping ~*~*~tactically~*~*~ (stealth).
 48233 | Vaults:5 | 48233 ||| INVOKING Heroism.
 48234 | Vaults:5 | 48234 ||| INVOKING Finesse.
 48236 | Vaults:5 | Noticed a golden dragon
 48248 | Vaults:5 | Killed a golden dragon
 48329 | Vaults:5 | Got a silver rune of Zot
 48360 | Vaults:5 | Noticed an ancient lich
 48361 | Vaults:5 | 48361 ||| INVOKING Heroism.
 48362 | Vaults:5 | 48362 ||| INVOKING Finesse.
 48370 | Vaults:5 | Killed an ancient lich
 48380 | Vaults:5 | 48380 ||| Stepping ~*~*~tactically~*~*~ (hiding).
 48444 | Vaults:5 | 48444 ||| INVOKING Heroism.
 48445 | Vaults:5 | 48445 ||| INVOKING Finesse.
 48451 | Vaults:5 | Noticed Boris
 48456 | Vaults:5 | Killed Boris
 48457 | Vaults:5 | Reached XP level 24. HP: 164/164 MP: 24/30
 48467 | Vaults:5 | Reached skill level 21 in Fighting
 48560 | Vaults:5 | 48560 ||| INVOKING Heroism.
 48575 | Vaults:5 | Noticed an ancient lich
 48576 | Vaults:5 | 48576 ||| INVOKING Finesse.
 48581 | Vaults:5 | Paralysed by a floating eye for 3 turns
 48588 | Vaults:5 | Killed an ancient lich
 48663 | Vaults:5 | 48663 ||| Stepping ~*~*~tactically~*~*~ (stealth).
 48679 | Vaults:5 | 48679 ||| Stepping ~*~*~tactically~*~*~ (stealth).
 48680 | Vaults:5 | 48680 ||| Stepping ~*~*~tactically~*~*~ (stealth).
 48685 | Vaults:5 | 48685 ||| Stepping ~*~*~tactically~*~*~ (stealth).
 48686 | Vaults:5 | 48686 ||| Stepping ~*~*~tactically~*~*~ (stealth).
 48687 | Vaults:5 | 48687 ||| Stepping ~*~*~tactically~*~*~ (stealth).
 48720 | Vaults:5 | Identified the +9 scimitar "Kikuas" {freeze, rN+}
 48738 | Vaults:5 | 48738 ||| Stepping ~*~*~tactically~*~*~ (hiding).
 48746 | Vaults:5 | Reached skill level 12 in Throwing
 48785 | Vaults:5 | 48785 ||| Stepping ~*~*~tactically~*~*~ (stealth).
 48837 | Vaults:5 | 48837 ||| INVOKING Heroism.
 48846 | Vaults:5 | 48846 ||| Stepping ~*~*~tactically~*~*~ (hiding).
 48852 | Vaults:5 | Found the macabre finger necklace {rN+}
 48887 | Vaults:5 | Identified 3 scrolls of acquirement
 48890 | Vaults:5 | 48890 ||| READING 3 scrolls of acquirement.
 48890 | Vaults:5 | 48890 ||| ACQUIRING 591 gold pieces
 48890 | Vaults:5 | Acquired 591 gold pieces
 48892 | Vaults:5 | 48892 ||| READING 2 scrolls of acquirement.
 48892 | Vaults:5 | 48892 ||| ACQUIRING +2 pair of gloves of Bienyvacw {rF-
                  | rN++ Will++ rCorr}
 48892 | Vaults:5 | Acquired the +2 pair of gloves of Bienyvacw {rF- rN++
                  | Will++ rCorr}
 48894 | Vaults:5 | 48894 ||| READING scroll of acquirement.
 48894 | Vaults:5 | 48894 ||| ACQUIRING 498 gold pieces
 48894 | Vaults:5 | Acquired 498 gold pieces
 48974 | Vaults:5 | 48974 ||| Stepping ~*~*~tactically~*~*~ (stealth).
 48981 | Vaults:5 | 48981 ||| Stepping ~*~*~tactically~*~*~ (hiding).
 48983 | Vaults:5 | 48983 ||| Stepping ~*~*~tactically~*~*~ (hiding).
 48999 | Vaults:5 | 48999 ||| INVOKING Heroism.
 49021 | Vaults:5 | Noticed an ancient lich
 49021 | Vaults:5 | 49021 ||| INVOKING Finesse.
 49030 | Vaults:5 | Killed an ancient lich
 49047 | Vaults:5 | Noticed Jory
 49062 | Vaults:5 | Killed Jory
 49117 | Vaults:5 | 49117 ||| INVOKING Heroism.
 49200 | Vaults:5 | Identified the +3 ring mail "Pucaquov" {*Slow rF++ Int+2}
 49395 | Vaults:5 | Identified the +2 quarterstaff "Goezxu" {freeze, Dex+5}
 49454 | Vaults:5 | 49454 ||| PLANNING SHOPPING SPREE
 49747 | D:4      | 49747 ||| BUYING potion of heal wounds (65 gold).
 49747 | D:4      | Bought a potion of heal wounds for 65 gold pieces
 49747 | D:4      | 49747 ||| BUYING potion of magic (104 gold).
 49747 | D:4      | Bought a potion of magic for 104 gold pieces
 50082 | Depths:4 | 50082 ||| BUYING potion of mutation (360 gold).
 50082 | Depths:4 | Bought a potion of mutation for 360 gold pieces
 50343 | Orc:2    | 50343 ||| BUYING amulet "Selaoledgh" {Spirit *Slow rF-
                  | rN+++ Will+++} (1174 gold).
 50343 | Orc:2    | Bought the amulet "Selaoledgh" {Spirit *Slow rF- rN+++
                  | Will+++} for 1174 gold pieces
 50343 | Orc:2    | 50343 ||| BUYING ring of protection from fire (400 gold).
 50343 | Orc:2    | Bought a ring of protection from fire for 400 gold pieces
 50343 | Orc:2    | 50343 ||| DROPPING ring of fire.
 50344 | Orc:2    | 50344 ||| CLEARING SHOPPING LIST
 50344 | Orc:2    | 50344 ||| PLANNING ZOT:1-4
 50344 | Orc:2    | 50344 ||| Stepping randomly (stuck).
 50629 | Zot:1    | Entered Level 1 of the Realm of Zot
 50630 | Zot:1    | 50630 ||| Stepping ~*~*~tactically~*~*~ (hiding).
 50639 | Zot:1    | 50639 ||| INVOKING Heroism.
 50712 | Zot:1    | 50712 ||| INVOKING Heroism.
 50728 | Zot:1    | Identified the +2 helmet of Exclusion {Str+4} (Okawaru
                  | gifted it to you on level 1 of the Realm of Zot)
 50728 | Zot:1    | Received a gift from Okawaru
 50868 | Zot:1    | 50868 ||| Stepping ~*~*~tactically~*~*~ (hiding).
 50873 | Zot:1    | 50873 ||| INVOKING Heroism.
 50890 | Zot:1    | 50890 ||| Stepping ~*~*~tactically~*~*~ (hiding).
 51006 | Zot:1    | 51006 ||| INVOKING Heroism.
 51116 | Zot:1    | 51116 ||| DROPPING +2 helmet.
 51117 | Zot:1    | 51117 ||| DROPPING +2 cloak of stealth.
 51118 | Zot:1    | 51118 ||| UPGRADING to +2 helmet of Exclusion {Str+4}.
 51139 | Zot:2    | 51139 ||| INVOKING Heroism.
 51252 | Zot:2    | 51252 ||| Stepping ~*~*~tactically~*~*~ (hiding).
 51254 | Zot:2    | 51254 ||| Stepping ~*~*~tactically~*~*~ (hiding).
 51255 | Zot:2    | Noticed a Killer Klown
 51256 | Zot:2    | 51256 ||| INVOKING Heroism.
 51259 | Zot:2    | 51259 ||| INVOKING Finesse.
 51280 | Zot:2    | Killed a Killer Klown
 51281 | Zot:2    | Reached XP level 25. HP: 155/173 MP: 26/30
 51290 | Zot:2    | 51290 ||| INVOKING Heroism.
 51296 | Zot:2    | Reached skill level 15 in Dodging
 51594 | Zot:3    | 51594 ||| INVOKING Heroism.
 51615 | Zot:3    | Received a gift from Okawaru
 51664 | Zot:3    | 51664 ||| INVOKING Heroism.
 51713 | Zot:3    | Reached skill level 21 in Armour
 51716 | Zot:3    | 51716 ||| Stepping ~*~*~tactically~*~*~ (hiding).
 51836 | Zot:3    | 51836 ||| Stepping ~*~*~tactically~*~*~ (stealth).
 51838 | Zot:3    | 51838 ||| Stepping ~*~*~tactically~*~*~ (hiding).
 51891 | Zot:3    | Received a gift from Okawaru
 51898 | Zot:3    | 51898 ||| Stepping ~*~*~tactically~*~*~ (stealth).
 51972 | Zot:3    | 51972 ||| Stepping ~*~*~tactically~*~*~ (stealth).
 52186 | Zot:3    | 52186 ||| Stepping ~*~*~tactically~*~*~ (hiding).
 52196 | Zot:3    | 52196 ||| Stepping ~*~*~tactically~*~*~ (stealth).
 52201 | Zot:3    | 52201 ||| INVOKING Heroism.
 52340 | Zot:3    | 52340 ||| INVOKING Heroism.
 52584 | Zot:4    | Found the +4 dragonskin cloak
 52584 | Zot:4    | Noticed Tiamat
 52585 | Zot:4    | 52585 ||| INVOKING Heroism.
 52586 | Zot:4    | 52586 ||| INVOKING Finesse.
 52632 | Zot:4    | Killed Tiamat
 52750 | Zot:4    | 52750 ||| INVOKING Heroism.
 52958 | Zot:4    | 52958 ||| Stepping ~*~*~tactically~*~*~ (hiding).
 52985 | Zot:4    | 52985 ||| INVOKING Heroism.
 53111 | Zot:4    | 53111 ||| Stepping ~*~*~tactically~*~*~ (hiding).
 53321 | Zot:4    | 53321 ||| Stepping ~*~*~tactically~*~*~ (hiding).
 53325 | Zot:4    | 53325 ||| INVOKING Heroism.
 53330 | Zot:4    | 53330 ||| Stepping ~*~*~tactically~*~*~ (hiding).
 53335 | Zot:4    | 53335 ||| Stepping ~*~*~tactically~*~*~ (hiding).
 53603 | Zot:4    | 53603 ||| PLANNING THE SHINING ONE WORSHIP
 53603 | Zot:4    | 53603 ||| DROPPING +2 cloak of willpower.
 54062 | Temple   | Entered the Ecumenical Temple
 54361 | Temple   | Fell from the grace of Okawaru
 54361 | Temple   | Became a worshipper of the Shining One
 54362 | Temple   | 54362 ||| PLANNING CRYPT
 54642 | Crypt:1  | Entered Level 1 of the Crypt
 54662 | Crypt:1  | Reached * piety under the Shining One
 54695 | Crypt:1  | Reached ** piety under the Shining One
 54775 | Crypt:1  | Reached skill level 11 in Invocations
 54831 | Crypt:1  | 54831 ||| Stepping ~*~*~tactically~*~*~ (hiding).
 54837 | Crypt:1  | Reached *** piety under the Shining One
 54866 | Crypt:1  | 54866 ||| DROPPING +0 war axe.
 55013 | Crypt:1  | 55013 ||| DRINKING 26 potions of curing.
 55013 | Crypt:1  | 55013 ||| (to cure confusion)
 55091 | Crypt:1  | Reached skill level 12 in Invocations
 55093 | Crypt:1  | Reached **** piety under the Shining One
 55102 | Crypt:1  | 55102 ||| DROPPING +2 antimagic war axe.
 55206 | Crypt:1  | 55206 ||| Stepping ~*~*~tactically~*~*~ (stealth).
 55208 | Crypt:1  | 55208 ||| Stepping ~*~*~tactically~*~*~ (hiding).
 55499 | Crypt:1  | 55499 ||| UPGRADING to +4 dragonskin cloak.
 55510 | Crypt:1  | 55510 ||| UPGRADING to +4 dragonskin cloak.
 55520 | Crypt:1  | 55520 ||| DROPPING +2 cloak of the Thief {*Fog Slay-2 SInv
                  | Stlth+}.
 55521 | Crypt:1  | 55521 ||| DROPPING ring of wizardry.
 55598 | Crypt:2  | 55598 ||| STAIRDANCE
 55610 | Crypt:2  | 55610 ||| STAIRDANCE
 55618 | Crypt:2  | 55618 ||| STAIRDANCE
 55636 | Crypt:2  | Reached ***** piety under the Shining One
 55656 | Crypt:2  | Reached skill level 13 in Invocations
 55666 | Crypt:2  | 55666 ||| Stepping randomly (cloudy).
 55667 | Crypt:2  | 55667 ||| Stepping ~*~*~tactically~*~*~ (cloud).
 55718 | Crypt:2  | Reached XP level 26. HP: 181/181 MP: 32/32
 55728 | Crypt:2  | Noticed Saint Roka
 55729 | Crypt:2  | 55729 ||| Stepping ~*~*~tactically~*~*~ (hiding).
 55730 | Crypt:2  | 55730 ||| Stepping ~*~*~tactically~*~*~ (hiding).
 55732 | Crypt:2  | 55732 ||| INVOKING Cleansing Flame.
 55733 | Crypt:2  | 55733 ||| INVOKING Cleansing Flame.
 55735 | Crypt:2  | Noticed Boris
 55736 | Crypt:2  | 55736 ||| INVOKING Summon Divine Warrior.
 55740 | Crypt:2  | 55740 ||| INVOKING Cleansing Flame.
 55741 | Crypt:2  | 55741 ||| INVOKING Cleansing Flame.
 55742 | Crypt:2  | 55742 ||| INVOKING Cleansing Flame.
 55749 | Crypt:2  | Killed Saint Roka
 55750 | Crypt:2  | 55750 ||| INVOKING Cleansing Flame.
 55750 | Crypt:2  | Killed Boris
 55771 | Crypt:2  | Reached skill level 14 in Invocations
 55874 | Crypt:2  | 55874 ||| DRINKING 25 potions of curing.
 55874 | Crypt:2  | 55874 ||| (to cure confusion)
 55936 | Crypt:2  | 55936 ||| Stepping ~*~*~tactically~*~*~ (hiding).
 56016 | Crypt:2  | 56016 ||| Stepping ~*~*~tactically~*~*~ (hiding).
 56027 | Crypt:2  | 56027 ||| Stepping ~*~*~tactically~*~*~ (hiding).
 56219 | Crypt:3  | Entered Level 3 of the Crypt
 56224 | Crypt:3  | 56224 ||| STAIRDANCE
 56250 | Crypt:3  | Reached ****** piety under the Shining One
 56256 | Crypt:3  | 56256 ||| INVOKING Brand Weapon With Holy Wrath.
 56256 | Crypt:3  | Identified a +2 broad axe of holy wrath (a +0 broad axe
                  | blessed by the Shining One)
 56256 | Crypt:3  | Received a gift from the Shining One
 56267 | Crypt:3  | 56267 ||| Stepping ~*~*~tactically~*~*~ (stealth).
 56303 | Crypt:3  | Noticed Vv
 56304 | Crypt:3  | 56304 ||| Stepping ~*~*~tactically~*~*~ (stealth).
 56311 | Crypt:3  | 56311 ||| DRINKING 2 potions of resistance.
 56312 | Crypt:3  | 56312 ||| INVOKING Summon Divine Warrior.
 56312 | Crypt:3  | Identified the +7 tower shield of Gallantry {rF+ Regen+
                  | Str+4}
 56324 | Crypt:3  | Killed Vv
 56325 | Crypt:3  | Reached skill level 15 in Invocations
 56422 | Crypt:3  | 56422 ||| DROPPING amulet "Selaoledgh" {Spirit *Slow rF-
                  | rN+++ Will+++}.
 56499 | Crypt:3  | Found a basalt altar of Yredelemnul.
 56514 | Crypt:3  | 56514 ||| Stepping ~*~*~tactically~*~*~ (hiding).
 56611 | Crypt:3  | Reached skill level 16 in Invocations
 56626 | Crypt:3  | 56626 ||| Stepping ~*~*~tactically~*~*~ (hiding).
 56637 | Crypt:3  | 56637 ||| Stepping randomly (cloudy).
 56638 | Crypt:3  | 56638 ||| Stepping ~*~*~tactically~*~*~ (cloud).
 56645 | Crypt:3  | Found the +5 scythe "Finisher" {speed, eviscerate}
 56696 | Crypt:3  | 56696 ||| INVOKING Summon Divine Warrior.
 56697 | Crypt:3  | 56697 ||| INVOKING Cleansing Flame.
 56813 | Crypt:3  | Reached skill level 17 in Invocations
 56816 | Crypt:3  | 56816 ||| Stepping ~*~*~tactically~*~*~ (hiding).
 56820 | Crypt:3  | 56820 ||| Stepping ~*~*~tactically~*~*~ (hiding).
 56844 | Crypt:3  | Found a staircase to the Tomb.
 56872 | Crypt:3  | 56872 ||| Stepping ~*~*~tactically~*~*~ (hiding).
 56910 | Crypt:3  | Identified the amulet "Tumah" {Rampage rPois Will- Regen+
                  | Int+6}
 56910 | Crypt:3  | Identified the ring "Coilyhel" {Drain rN+ Will++ Dex+2}
 56910 | Crypt:3  | Identified the ring "Cucvay" {rF- rC+++ rN+ Will+}
 56930 | Crypt:3  | Was forgiven by Okawaru
 57015 | Crypt:3  | Identified the +2 short sword "Cana" {speed, rElec rCorr
                  | Int+3 SInv Stlth-}
 57242 | Crypt:3  | 57242 ||| DROPPING amulet "Tumah" {Rampage rPois Will-
                  | Regen+ Int+6}.
 57257 | Crypt:2  | Found an ancient bone altar of Kikubaaqudgha.
 57308 | Crypt:3  | 57308 ||| PLANNING TOMB
 57308 | Crypt:3  | 57308 ||| SWAPPING to +2 broad axe of holy wrath.
 57309 | Crypt:3  | 57309 ||| READING 2 scrolls of enchant weapon.
 57309 | Crypt:3  | 57309 ||| ENCHANTING +2 broad axe of holy wrath.
 57310 | Crypt:3  | 57310 ||| READING scroll of enchant weapon.
 57310 | Crypt:3  | 57310 ||| ENCHANTING +3 broad axe of holy wrath.
 57311 | Crypt:3  | 57311 ||| UPGRADING to ring "Coilyhel" {Drain rN+ Will++
                  | Dex+2}.
 57389 | Tomb:1   | Entered Level 1 of the Tomb of the Ancients
 57730 | Tomb:1   | 57730 ||| Stepping ~*~*~tactically~*~*~ (stealth).
 57731 | Tomb:1   | 57731 ||| Stepping ~*~*~tactically~*~*~ (stealth).
 57732 | Tomb:1   | 57732 ||| INVOKING Cleansing Flame.
 57733 | Tomb:1   | 57733 ||| INVOKING Summon Divine Warrior.
 57746 | Tomb:1   | Noticed a royal mummy
 57755 | Tomb:1   | 57755 ||| INVOKING Cleansing Flame.
 57756 | Tomb:1   | Reached skill level 18 in Invocations
 57758 | Tomb:1   | Killed a royal mummy
 57927 | Tomb:1   | 57927 ||| INVOKING Cleansing Flame.
 57928 | Tomb:1   | 57928 ||| INVOKING Cleansing Flame.
 57954 | Tomb:1   | 57954 ||| Stepping randomly (cloudy).
 57955 | Tomb:1   | 57955 ||| Stepping ~*~*~tactically~*~*~ (cloud).
 58013 | Tomb:1   | 58013 ||| INVOKING Cleansing Flame.
 58113 | Tomb:1   | Noticed a royal mummy
 58118 | Tomb:1   | 58118 ||| INVOKING Cleansing Flame.
 58119 | Tomb:1   | 58119 ||| INVOKING Cleansing Flame.
 58120 | Tomb:1   | 58120 ||| INVOKING Cleansing Flame.
 58120 | Tomb:1   | Killed a royal mummy
 58387 | Tomb:2   | 58387 ||| DRINKING 7 potions of haste.
 58388 | Tomb:2   | 58388 ||| DRINKING 7 potions of attraction.
 58389 | Tomb:2   | 58389 ||| INVOKING Cleansing Flame.
 58390 | Tomb:2   | Reached skill level 19 in Invocations
 58391 | Tomb:2   | 58391 ||| INVOKING Cleansing Flame.
 58392 | Tomb:2   | 58392 ||| INVOKING Cleansing Flame.
 58392 | Tomb:2   | Noticed a royal mummy
 58392 | Tomb:2   | Noticed a royal mummy
 58393 | Tomb:2   | Reached XP level 27. HP: 188/188 MP: 29/36
 58393 | Tomb:2   | 58393 ||| INVOKING Summon Divine Warrior.
 58394 | Tomb:2   | Noticed a royal mummy
 58396 | Tomb:2   | Noticed a royal mummy
 58397 | Tomb:2   | 58397 ||| INVOKING Cleansing Flame.
 58397 | Tomb:2   | Noticed a royal mummy
 58398 | Tomb:2   | Killed a royal mummy
 58400 | Tomb:2   | 58400 ||| INVOKING Cleansing Flame.
 58402 | Tomb:2   | Killed a royal mummy
 58404 | Tomb:2   | Killed a royal mummy
 58404 | Tomb:2   | Killed a royal mummy
 58406 | Tomb:2   | Killed a royal mummy
 58407 | Tomb:2   | Reached skill level 20 in Invocations
 58499 | Tomb:2   | 58499 ||| INVOKING Cleansing Flame.
 58529 | Tomb:2   | 58529 ||| INVOKING Cleansing Flame.
 58574 | Tomb:2   | 58574 ||| INVOKING Cleansing Flame.
 58821 | Tomb:1   | Noticed a royal mummy
 58822 | Tomb:1   | 58822 ||| INVOKING Cleansing Flame.
 58823 | Tomb:1   | 58823 ||| INVOKING Summon Divine Warrior.
 58825 | Tomb:1   | Noticed a royal mummy
 58828 | Tomb:1   | Killed a royal mummy
 58833 | Tomb:1   | 58833 ||| INVOKING Cleansing Flame.
 58834 | Tomb:1   | 58834 ||| INVOKING Cleansing Flame.
 58835 | Tomb:1   | 58835 ||| INVOKING Cleansing Flame.
 58836 | Tomb:1   | 58836 ||| INVOKING Cleansing Flame.
 58836 | Tomb:1   | Killed a royal mummy
 58839 | Tomb:1   | Noticed a royal mummy
 58844 | Tomb:1   | Killed a royal mummy
 58857 | Tomb:1   | Noticed a royal mummy
 58861 | Tomb:1   | 58861 ||| INVOKING Cleansing Flame.
 58861 | Tomb:1   | Killed a royal mummy
 58862 | Tomb:1   | Reached skill level 21 in Invocations
 58893 | Tomb:1   | Noticed a royal mummy
 58893 | Tomb:1   | Noticed a royal mummy
 58897 | Tomb:1   | 58897 ||| INVOKING Cleansing Flame.
 58898 | Tomb:1   | 58898 ||| INVOKING Cleansing Flame.
 58903 | Tomb:1   | Killed a royal mummy
 58908 | Tomb:1   | Killed a royal mummy
 58933 | Tomb:1   | Noticed a royal mummy
 58936 | Tomb:1   | 58936 ||| INVOKING Cleansing Flame.
 58938 | Tomb:1   | Killed a royal mummy
 58992 | Tomb:1   | Noticed a royal mummy
 58996 | Tomb:1   | 58996 ||| INVOKING Cleansing Flame.
 58997 | Tomb:1   | 58997 ||| INVOKING Cleansing Flame.
 58998 | Tomb:1   | 58998 ||| INVOKING Cleansing Flame.
 58998 | Tomb:1   | Killed a royal mummy
 59060 | Tomb:1   | 59060 ||| INVOKING Cleansing Flame.
 59061 | Tomb:1   | 59061 ||| INVOKING Cleansing Flame.
 59065 | Tomb:1   | Noticed a royal mummy
 59068 | Tomb:1   | Noticed a royal mummy
 59069 | Tomb:1   | 59069 ||| INVOKING Cleansing Flame.
 59070 | Tomb:1   | 59070 ||| INVOKING Cleansing Flame.
 59071 | Tomb:1   | 59071 ||| INVOKING Cleansing Flame.
 59071 | Tomb:1   | Killed a royal mummy
 59078 | Tomb:1   | Killed a royal mummy
 59122 | Tomb:1   | Noticed a royal mummy
 59126 | Tomb:1   | 59126 ||| INVOKING Cleansing Flame.
 59127 | Tomb:1   | 59127 ||| INVOKING Cleansing Flame.
 59128 | Tomb:1   | 59128 ||| INVOKING Cleansing Flame.
 59128 | Tomb:1   | Killed a royal mummy
 59136 | Tomb:1   | Noticed a royal mummy
 59140 | Tomb:1   | 59140 ||| INVOKING Cleansing Flame.
 59143 | Tomb:1   | Killed a royal mummy
 59144 | Tomb:1   | Reached skill level 22 in Invocations
 59237 | Tomb:1   | Noticed a royal mummy
 59243 | Tomb:1   | Killed a royal mummy
 59266 | Tomb:1   | Noticed a royal mummy
 59268 | Tomb:1   | 59268 ||| INVOKING Cleansing Flame.
 59269 | Tomb:1   | 59269 ||| INVOKING Cleansing Flame.
 59269 | Tomb:1   | Killed a royal mummy
 59284 | Tomb:1   | Noticed a royal mummy
 59286 | Tomb:1   | 59286 ||| INVOKING Cleansing Flame.
 59287 | Tomb:1   | 59287 ||| INVOKING Cleansing Flame.
 59287 | Tomb:1   | Killed a royal mummy
 59359 | Tomb:1   | Noticed a royal mummy
 59377 | Tomb:1   | 59377 ||| INVOKING Cleansing Flame.
 59378 | Tomb:1   | 59378 ||| INVOKING Cleansing Flame.
 59379 | Tomb:1   | 59379 ||| INVOKING Cleansing Flame.
 59379 | Tomb:1   | Killed a royal mummy
 59753 | Tomb:2   | 59753 ||| INVOKING Cleansing Flame.
 59761 | Tomb:2   | 59761 ||| INVOKING Cleansing Flame.
 59769 | Tomb:2   | 59769 ||| Stepping ~*~*~tactically~*~*~ (hiding).
 59848 | Tomb:2   | 59848 ||| Stepping ~*~*~tactically~*~*~ (stealth).
 59849 | Tomb:2   | 59849 ||| Stepping ~*~*~tactically~*~*~ (stealth).
 59880 | Tomb:3   | Entered Level 3 of the Tomb of the Ancients
 59881 | Tomb:3   | 59881 ||| DRINKING 6 potions of haste.
 59882 | Tomb:3   | 59882 ||| DRINKING 6 potions of attraction.
 59891 | Tomb:3   | 59891 ||| INVOKING Cleansing Flame.
 59901 | Tomb:3   | 59901 ||| INVOKING Cleansing Flame.
 59902 | Tomb:3   | Reached skill level 23 in Invocations
 59904 | Tomb:3   | 59904 ||| INVOKING Cleansing Flame.
 59909 | Tomb:3   | 59909 ||| INVOKING Cleansing Flame.
 59911 | Tomb:3   | 59911 ||| INVOKING Cleansing Flame.
 59912 | Tomb:3   | 59912 ||| INVOKING Cleansing Flame.
 59917 | Tomb:3   | 59917 ||| INVOKING Cleansing Flame.
 59918 | Tomb:3   | Noticed a royal mummy
 59918 | Tomb:3   | 59918 ||| INVOKING Summon Divine Warrior.
 59919 | Tomb:3   | Noticed a royal mummy
 59919 | Tomb:3   | 59919 ||| INVOKING Cleansing Flame.
 59920 | Tomb:3   | 59920 ||| INVOKING Cleansing Flame.
 59923 | Tomb:3   | Killed a royal mummy
 59924 | Tomb:3   | 59924 ||| INVOKING Summon Divine Warrior.
 59925 | Tomb:3   | 59925 ||| INVOKING Cleansing Flame.
 59927 | Tomb:3   | Killed a royal mummy
 59928 | Tomb:3   | Reached skill level 24 in Invocations
 59932 | Tomb:3   | 59932 ||| INVOKING Cleansing Flame.
 59933 | Tomb:3   | 59933 ||| INVOKING Cleansing Flame.
 59980 | Tomb:3   | Noticed a royal mummy
 59980 | Tomb:3   | Noticed a royal mummy
 59982 | Tomb:3   | 59982 ||| INVOKING Cleansing Flame.
 59983 | Tomb:3   | 59983 ||| INVOKING Cleansing Flame.
 59984 | Tomb:3   | 59984 ||| INVOKING Cleansing Flame.
 59984 | Tomb:3   | Killed a royal mummy
 59985 | Tomb:3   | Noticed a royal mummy
 59987 | Tomb:3   | 59987 ||| INVOKING Cleansing Flame.
 59987 | Tomb:3   | Noticed a royal mummy
 59988 | Tomb:3   | 59988 ||| INVOKING Cleansing Flame.
 59989 | Tomb:3   | 59989 ||| INVOKING Cleansing Flame.
 59989 | Tomb:3   | Killed a royal mummy
 59989 | Tomb:3   | Noticed a royal mummy
 59991 | Tomb:3   | 59991 ||| INVOKING Cleansing Flame.
 59992 | Tomb:3   | Killed a royal mummy
 59993 | Tomb:3   | 59993 ||| INVOKING Cleansing Flame.
 59996 | Tomb:3   | Killed a royal mummy
 59997 | Tomb:3   | 59997 ||| INVOKING Cleansing Flame.
 59997 | Tomb:3   | Noticed a royal mummy
 59998 | Tomb:3   | 59998 ||| INVOKING Cleansing Flame.
 59999 | Tomb:3   | 59999 ||| INVOKING Cleansing Flame.
 59999 | Tomb:3   | Killed a royal mummy
 60000 | Tomb:3   | Noticed a royal mummy
 60001 | Tomb:3   | 60001 ||| DRINKING 4 potions of magic.
 60002 | Tomb:3   | 60002 ||| INVOKING Cleansing Flame.
 60004 | Tomb:3   | Killed a royal mummy
 60006 | Tomb:3   | 60006 ||| INVOKING Cleansing Flame.
 60007 | Tomb:3   | 60007 ||| INVOKING Cleansing Flame.
 60008 | Tomb:3   | 60008 ||| INVOKING Cleansing Flame.
 60008 | Tomb:3   | Killed a royal mummy
 60313 | Tomb:3   | Got a golden rune of Zot
 60350 | Tomb:3   | Identified the +2 robe "Girunibb" {rPois}
 60351 | Tomb:3   | Identified the +8 shortbow "Vaufao" {flame, rN+ rCorr
                  | Dex+4}
 60366 | Tomb:3   | Identified the +6 mace "Ocut" {venom, rPois Will+ MP-9
                  | Int+8}
 60367 | Tomb:3   | Identified the +1 great sword of Ubruidef {distort, rN+
                  | rCorr}
 60375 | Tomb:3   | Identified the ring of Elaob {+Blink rElec rC+ Int-5}
 60396 | Tomb:3   | Identified the +4 great sword of Wu Jian's Pride {protect,
                  | rCorr Int+2}
 60455 | Tomb:3   | 60455 ||| PLANNING PAN
 60455 | Tomb:3   | 60455 ||| DROPPING +1 cloak of willpower.
 60456 | Tomb:3   | 60456 ||| DROPPING +1 cloak of willpower.
 60457 | Tomb:3   | 60457 ||| DROPPING amulet of the acrobat.
 60458 | Tomb:3   | 60458 ||| DROPPING ring of protection from cold.
 61030 | Pan      | Entered Pandemonium
 61036 | Pan      | 61036 ||| Stepping ~*~*~tactically~*~*~ (stealth).
 61037 | Pan      | 61037 ||| INVOKING Summon Divine Warrior.
 61172 | Pan      | 61172 ||| READING scroll of enchant weapon.
 61172 | Pan      | 61172 ||| ENCHANTING +4 broad axe of holy wrath.
 61198 | Pan      | 61198 ||| INVOKING Summon Divine Warrior.
 61200 | Pan      | Noticed Xesuy the pandemonium lord
 61203 | Pan      | Reached skill level 25 in Invocations
 61232 | Pan      | 61232 ||| INVOKING Summon Divine Warrior.
 61235 | Pan      | 61235 ||| INVOKING Cleansing Flame.
 61236 | Pan      | 61236 ||| INVOKING Cleansing Flame.
 61237 | Pan      | 61237 ||| INVOKING Cleansing Flame.
 61239 | Pan      | Killed Xesuy the pandemonium lord
 61311 | Pan      | Got a demonic rune of Zot
 61329 | Pan      | 61329 ||| INVOKING Summon Divine Warrior.
 61330 | Pan      | 61330 ||| READING 19 scrolls of teleportation.
 61331 | Pan      | Noticed Dessaiko the pandemonium lord
 61331 | Pan      | HP: 37/188 [hellion/damnation (11)]
 61331 | Pan      | HP: 10/188 [hellion/damnation (27)]
 61331 | Pan      | Killed from afar by a hellion

Levels and vault maps discovered:
D:1:      saegor_arrival_simple_a, layout_loops_corners,
          shapermc_ecumenical_altar_gd, chequers_serial_rivers_marsh
D:2:      layout_basic, item_on_display_a
D:3:      minmay_chambers_of_threes, layout_basic, okawaru_metal_pillars_3
D:4:      layout_loops_corners, serial_shops, kennysheep_mini,
          uniq_blork_the_orc, uniq_robin, uniq_duvessa
D:5:      layout_loops_corners, minmay_temple_entry_mini_moons, uniq_edmund,
          uniq_pikel, uniq_crazy_yiuf_cottage
D:6:      layout_basic, kennysheep_generic_room_6
D:7:      layout_layer_cave, kennysheep_decorative_pillar, uniq_prince_ribbit1
D:8:      layout_cave_pools, lair_entry_dummy
D:9:      layout_big_octagon, nzn_wu_jian_contemplation, serial_gnoll_camp,
          gnoll_camp_mini_doghouse, gnoll_camp_mini_house, gnoll_camp_mini_shop,
          gnoll_camp_mini_loothouse
D:10:     lemuel_slime, layout_irregular_city, kennysheep_vampire_church,
          serial_shops, shop, uniq_snorg
D:11:     minmay_s_stair_smasher, layout_cave_pools,
          minmay_orc_entry_temple_small, uniq_nergalle
D:12:     layout_stronghold, chequers_serial_rivers_small_b,
          corexii_checkpoint_a, uniq_josephine
D:13:     layout_layer_cave, grunt_vaults_entry_tiered
D:14:     layout_long_grid, minmay_misc_feat_diagonals, uniq_frances
D:15:     hangedman_depths_entry_try_elsewhere_first, layout_gridville,
          serial_park_tiny_pond
Temple:   compressed_dpeg_triangle_lava_temple
Lair:1:   layout_chaotic_city, grunt_megastairs_3
Lair:2:   layout_big_grid, elwin_shoals_entry_rooms,
          spider_nest_entry_web_field, portal_ice_cave_rime,
          nicolae_quartered_pool_super, kennysheep_snail_temple,
          serial_bayou_shore_b, lemuel_fruit_fields
Lair:3:   layout_hall_layers, beast_lair_carwin_4, grunt_megastairs_2,
          serial_bayou_shore_b
Lair:4:   layout_hall_layers, nicolae_lair_run_with_the_wolves, uniq_nessos,
          uniq_sonja
Lair:5:   wormcave, layout_loops_ring, guppyfry_lair_end_dragon, slime_entry_2,
          nicolae_volcano_entry_batcave, bobbens_ice_dragon_lair
Shoals:1: layout_shoals, serial_shops, nicolae_shop_stone
Shoals:2: layout_shoals, nicolae_shoals_abyss_on_the_beach
Shoals:3: layout_shoals, nicolae_stop_n_shop_1, uniq_mara
Shoals:4: shoals_end_grunt_ice, layout_shoals, serial_shops, shop_scrolls,
          nicolae_shoals_undead_eyrie
Spider:1: layout_spider_delve
Spider:2: layout_spider_delve, ebering_ghost_inner_flame, uniq_jorgrun
Spider:3: layout_spider_delve, uniq_louise, uniq_agnes, uniq_azrael
Spider:4: grunt_spider_rune_parallel
Orc:1:    layout_caves, serial_shops, shop, gammafunk_ghost_smash, uniq_erica
Orc:2:    pf_orc_diabolical, layout_caves, basic_altar
Vaults:1: nicolae_vaults_little_ls, v_rooms_5, vaults_mumra_hexcomb,
          hangedman_vaults_stagger, vaults_room_mumra_shop_pool,
          grunt_vaults_hallway_short, grunt_vaults_hallway_short, v_misc_10,
          layout_vaults_quadrants
Vaults:2: v_rooms_1, hangedman_vaults_stitches, v_rooms_5,
          nicolae_vaults_network_star, hangedman_vaults_variations,
          nicolae_vaults_theta, ontoclasm_vaults_ring_small,
          nicolae_vaults_angled_halls, nicolae_vaults_fighting_squares,
          vaults_room_corners, minmay_crypt_entry_necro_gods,
          nicolae_vaults_shelves_hall, ontoclasm_vaults_fault,
          layout_vaults_omnicross
Vaults:3: portal_desolation_entry_salt, v_misc_2, vaults_dpeg_emergency_exit,
          vaults_mumra_hex, grunt_vaults_funnel, v_misc_32,
          ontoclasm_vaults_chip, vaults_room_hallway, v_misc_23,
          vaults_dpeg_diagonal, nicolae_vaults_little_squares_5,
          ontoclasm_vaults_pinch, layout_vaults_big_room
Vaults:4: ebering_ghost_disaster_area, hangedman_vaults_corner_blocks,
          nicolae_vaults_stairing_the_circle, v_misc_4, hangedman_vaults_hat,
          nicolae_vaults_ninety_degrees, nicolae_vaults_diagonal_hallway_6,
          st_spiral_rooms, v_misc_17, vaults_room_door_ring,
          ontoclasm_vaults_decontamination, vaults_room_pool,
          nicolae_vaults_shelves_hall, layout_vaults_omnibox
Vaults:5: uniq_jory, uniq_margery, uniq_boris
Crypt:1:  layout_misc_corridors, serial_sigils_hangedman_gnaw
Crypt:2:  layout_misc_corridors, grunt_ministairs_2, lemuel_nasty_fountain,
          lemuel_upstairs_altar, uniq_saint_roka
Crypt:3:  grunt_crypt_end_deaths_head, uniq_vv
Tomb:1
Tomb:2
Tomb:3
Depths:1: layout_gridlike, serial_shops, shop, grunt_hell_entry_demonic_statue,
          grunt_decor_junction, rand_demon_pan_entry_9, kennysheep_diamond,
          led_xom_imps
Depths:2: kennysheep_funnel, layout_honeycomb, pan_entry, hell_entry,
          chequers_big_river, minmay_shoptagon, infiniplex_staircase_pool_2
Depths:3: radiant_caverns_b_rkd, hell_entry, abyss_entry
Depths:4: grunt_zot_entry_funnels, layout_gridlike, minmay_misc_feat_tower,
          rand_demon_pan_entry_4, hell_entry, minmay_shop_star
Zot:1:    layout_onion_interference
Zot:2:    layout_onion_interference, grunt_ministairs_9
Zot:3:    layout_gridlike
Zot:4:    layout_basic, uniq_tiamat
Pan:      grunt_pan_frozen_over, layout_gridlike, lemuel_hellion_island,
          layout_grid_shapes, pan_blood_fountain, pan_blood_fountain_small

Skill      XL: |  1  2  3  4  5  6  7  8  9 10 11 12 13 14 15 16 17 18 19 20 21 22 23 24 25 26 27 |
---------------+----------------------------------------------------------------------------------+-----
Axes           | 2 3 4 5 6 7 9 10 11 13 14 15 16 17 18 | 18.0
Fighting       | 4 5 7 8 9 10 11 12 13 14 15 17 18 19 20 22 23 | 23.0
Dodging        | 1 2 3 5 6 7 9 10 12 13 14 15 | 15.0
Invocations    | 3 4 7 10 13 19 25 | 25.3
Throwing       | 3 5 6 7 8 9 10 11 12 13 | 13.0
Armour         | 4 5 6 8 9 10 11 12 13 14 15 17 19 20 21 | 21.1
Shields        | 4 5 6 7 11 14 17 18 19 20 21 | 21.9

Action                   |  1- 3 |  4- 6 |  7- 9 | 10-12 | 13-15 | 16-18 | 19-21 | 22-24 | 25-27 || total
-------------------------+-------+-------+-------+-------+-------+-------+-------+-------+-------++-------
Melee: War axe           |   100 |   194 |   269 |   513 |  1504 |  1729 |  1533 |       |       ||  5842
       Morningstar       |       |       |       |    14 |    16 |    37 |       |       |       ||    67
       Broad axe         |       |       |       |       |       |       |   196 |  1193 |  1198 ||  2587
Throw: Javelin           |       |       |    21 |    49 |   110 |   120 |    65 |   114 |   158 ||   637
       Boomerang         |       |       |       |    25 |     5 |       |       |       |       ||    30
Invok: Heroism           |       |     2 |    13 |    23 |    53 |    52 |    33 |    49 |     9 ||   234
       Finesse           |       |       |       |     2 |    14 |     8 |     7 |    18 |     1 ||    50
       Cleansing Flame   |       |       |       |       |       |       |       |       |    83 ||    83
       Summon Divine War |       |       |       |       |       |       |       |       |    12 ||    12
       Brand Weapon With |       |       |       |       |       |       |       |       |     1 ||     1
  Use: Scroll            |     3 |     8 |     8 |     7 |    11 |     7 |     1 |     3 |     4 ||    52
       Potion            |       |       |       |     4 |     3 |     4 |     1 |     1 |     8 ||    21
 Stab: Confused          |       |       |       |       |     1 |       |       |       |       ||     1
       Distracted        |       |       |       |       |       |       |     1 |     4 |       ||     5
Armor: Scale mail        |    56 |    34 |       |       |       |       |       |       |       ||    90
       Chain mail        |       |    67 |    71 |       |       |       |       |       |       ||   138
       Plate armour      |       |       |   108 |   230 |   611 |   496 |   166 |       |       ||  1611
       Crystal plate arm |       |       |       |       |       |       |   185 |       |       ||   185
       Storm dragon scal |       |       |       |       |       |       |    14 |   253 |   375 ||   642
Dodge: Dodged            |    44 |    67 |    77 |   206 |   648 |   505 |   392 |   403 |   404 ||  2746
Block: Buckler           |    18 |    25 |    51 |   201 |   678 |       |       |       |       ||   973
       Reflection        |       |       |       |       |    39 |    52 |    23 |       |       ||   114
       Kite shield       |       |       |       |       |   137 |   697 |       |       |       ||   834
       Tower shield      |       |       |       |       |       |   973 |  1845 |  1235 |  1451 ||  5504

Table legend:
 A = Non-vault XP
 B = Vault XP
 C = Vault XP percentage of total XP
 D = Non-vault monster count
 E = Vault monster count
 F = Vault count percentage of total count
                 A         B        C        D         E       F
            +---------+---------+-------+---------+---------+-------
      Total |  695838 |  785711 |  53.0 |    1442 |    1166 |  44.7
            +---------+---------+-------+---------+---------+-------
        D:1 |      35 |       0 |   0.0 |      19 |       0 |   0.0
        D:2 |      78 |       0 |   0.0 |      19 |       0 |   0.0
        D:3 |      65 |      70 |  51.9 |      11 |      12 |  52.2
        D:4 |     321 |     330 |  50.7 |      21 |      15 |  41.7
        D:5 |     517 |     779 |  60.1 |      10 |       2 |  16.7
        D:6 |    1011 |     124 |  10.9 |      11 |       2 |  15.4
        D:7 |     603 |     268 |  30.8 |      20 |       1 |   4.8
        D:8 |     724 |       0 |   0.0 |       8 |       0 |   0.0
        D:9 |    4003 |     345 |   7.9 |      32 |      15 |  31.9
       D:10 |    1302 |    1937 |  59.8 |      20 |      29 |  59.2
       D:11 |    5085 |    6280 |  55.3 |      24 |      24 |  50.0
       D:12 |    3668 |    1682 |  31.4 |      12 |       6 |  33.3
       D:13 |    8233 |    8813 |  51.7 |      22 |      25 |  53.2
       D:14 |   10647 |    1540 |  12.6 |      23 |       1 |   4.2
       D:15 |    7933 |    2925 |  26.9 |      18 |       4 |  18.2
     Lair:1 |    8435 |     898 |   9.6 |      40 |       3 |   7.0
     Lair:2 |    3707 |    2918 |  44.0 |      17 |       7 |  29.2
     Lair:3 |    9452 |    1342 |  12.4 |      22 |       8 |  26.7
     Lair:4 |    9273 |    3442 |  27.1 |      27 |      13 |  32.5
     Lair:5 |    5305 |   10997 |  67.5 |      22 |      37 |  62.7
   Shoals:1 |   11054 |       0 |   0.0 |      20 |       0 |   0.0
   Shoals:2 |    5317 |     928 |  14.9 |      14 |       2 |  12.5
   Shoals:3 |    9701 |    4511 |  31.7 |      20 |       1 |   4.8
   Shoals:4 |   22888 |   21009 |  47.9 |      45 |      37 |  45.1
   Spider:1 |   15451 |       0 |   0.0 |      40 |       0 |   0.0
   Spider:2 |    7076 |    1923 |  21.4 |      18 |       1 |   5.3
   Spider:3 |   10516 |    4853 |  31.6 |      30 |      10 |  25.0
   Spider:4 |   11769 |   15553 |  56.9 |      35 |      38 |  52.1
      Orc:1 |    3753 |    1146 |  23.4 |      50 |       4 |   7.4
      Orc:2 |     650 |   15356 |  95.9 |      16 |      53 |  76.8
   Vaults:1 |   10596 |   24896 |  70.1 |      15 |      33 |  68.8
   Vaults:2 |   32438 |   37682 |  53.7 |      52 |      50 |  49.0
   Vaults:3 |   18004 |   20277 |  53.0 |      28 |      31 |  52.5
   Vaults:4 |   32839 |   67407 |  67.2 |      55 |      80 |  59.3
   Vaults:5 |   14969 |   84002 |  84.9 |      23 |      65 |  73.9
    Crypt:1 |   39990 |       0 |   0.0 |      64 |       0 |   0.0
    Crypt:2 |   27412 |    5921 |  17.8 |      41 |      13 |  24.1
    Crypt:3 |       0 |   72555 | 100.0 |       0 |     129 | 100.0
     Tomb:1 |   15453 |   89488 |  85.3 |      38 |      55 |  59.1
     Tomb:2 |   26268 |   44292 |  62.8 |      56 |      58 |  50.9
     Tomb:3 |   19175 |   56867 |  74.8 |      36 |      58 |  61.7
   Depths:1 |   33911 |   13322 |  28.2 |      41 |      25 |  37.9
   Depths:2 |   23208 |    2571 |  10.0 |      30 |       2 |   6.2
   Depths:3 |       0 |   63321 | 100.0 |       0 |      94 | 100.0
   Depths:4 |   33564 |   20566 |  38.0 |      28 |      21 |  42.9
      Zot:1 |   33360 |       0 |   0.0 |      31 |       0 |   0.0
      Zot:2 |   29509 |    7509 |  20.3 |      22 |       8 |  26.7
      Zot:3 |   36468 |       0 |   0.0 |      31 |       0 |   0.0
      Zot:4 |   31305 |   17298 |  35.6 |      27 |      12 |  30.8
    Abyss:2 |   50286 |       0 |   0.0 |     130 |       0 |   0.0
        Pan |    8511 |   18354 |  68.3 |       8 |      25 |  75.8
 Desolation |       0 |   29414 | 100.0 |       0 |      57 | 100.0
            +---------+---------+-------+---------+---------+-------
